Workbook

Sheet Cover
B1: The Charles Schwab Corporation (NYSE: SCHW)
B2: Company Model — built by Shortcut
B3: $ millions, except per share
B4: Period (navigation only) | C4: 3Q25A | D4: 4Q25A | E4: FY25A | F4: 1Q26A | G4: 2Q26A | H4: 3Q26E
B5: Period end | C5: =DATE(2025,9,30) -> 45930 | D5: =DATE(2025,12,31) -> 46022 | E5: =DATE(2025,12,31) -> 46022 | F5: =DATE(2026,3,31) -> 46112 | G5: =DATE(2026,6,30) -> 46203 | H5: =DATE(2026,9,30) -> 46295
B6: Days in period | C6: =C5-DATE(2025,6,30) -> 92 | D6: =D5-C5 -> 92 | E6: =E5-DATE(2024,12,31) -> 365 | F6: =F5-D5 -> 90 | G6: =G5-F5 -> 91 | H6: =H5-G5 -> 92
B9: Company information
B10: Company | C10: The Charles Schwab Corporation
B11: Ticker | C11: SCHW
B12: Exchange | C12: NYSE
B13: Fiscal year end | C13: ="December 31 (CapIQ: "&Inputs!C20&")" -> December 31 (CapIQ: Dec-31)
B14: Currency | C14: USD
B15: EPS basis | C15: Adjusted (non-GAAP) diluted EPS = CapIQ normalized; excludes amortization of acquired intangibles, acquisition/integration and restructuring costs, net of tax
B16: Forecast period | C16: 3Q26E = FQ3 2026 (supplied label "FQ3 2026 - Sep 2026"); fiscal quarter = calendar quarter ended 2026-09-30
B17: Information cutoff | C17: 2026-10-11 22:24 UTC
B18: Expected report date | C18: =TEXT(Inputs!C19,"yyyy-mm-dd")&" (before market open per MarketBeat/Earnings Whispers; not confirmed by an issuer release in our sources)" -> 2026-10-15 (before market open per MarketBeat/Earnings Whispers; not confirmed by an issuer release in our sources)
B19: Author | C19: Shortcut
B21: Headline 3Q26E — estimate vs consensus at cutoff vs guidance
B22: Metric | C22: Shortcut estimate | D22: Consensus (CapIQ, 2026-10-11) | E22: Variance | F22: Variance % | G22: Guidance midpoint (derived) | H22: Est. vs guidance
B23: Total net revenues ($m) | C23: ='Income Statement'!H27 -> 7150.479 | D23: =Inputs!C38 -> 7199.92 | E23: =C23-D23 -> -49.440995 | F23: =C23/D23-1 -> -0.0068668812 | G23: =Guidance!H33 -> 7219.0078 | H23: =C23-G23 -> -68.528755
B24: Adjusted net income to common ($m) | C24: ='Income Statement'!H92 -> 2879.7773 | D24: =Inputs!C51 -> 2882.55 | E24: =C24-D24 -> -2.7726874 | F24: =C24/D24-1 -> -0.00096188699 | G24: =Guidance!H39 -> 2901.8169 | H24: =C24-G24 -> -22.039561
B25: Adjusted diluted EPS (consensus basis) | C25: ='Income Statement'!H99 -> 1.6639759 | D25: =Inputs!C22 -> 1.66 | E25: =C25-D25 -> 0.0039758618 | F25: =C25/D25-1 -> 0.0023950975 | G25: =Guidance!H40 -> 1.6767106 | H25: =C25-G25 -> -0.012734768
B26: GAAP net income to common ($m) | C26: ='Income Statement'!H70 -> 2759.6723 | D26: =Inputs!C52 -> 2785.85 | E26: =C26-D26 -> -26.177687 | F26: =C26/D26-1 -> -0.0093966608 | G26: n/a | H26: n/a
B27: GAAP diluted EPS | C27: ='Income Statement'!H78 -> 1.5945775 | D27: =Inputs!C31 -> 1.61 | E27: =C27-D27 -> -0.015422498 | F27: =C27/D27-1 -> -0.0095791911 | G27: n/a | H27: n/a
B28: Adjusted pre-tax income ($m) | C28: ='Income Statement'!H110 -> 3850.479 | D28: =Inputs!C49 -> 3888.34 | E28: =C28-D28 -> -37.860995 | F28: =C28/D28-1 -> -0.0097370588 | G28: =Guidance!H38 -> 3879.0738 | H28: =C28-G28 -> -28.594755
B29: P(beat consensus EPS) | C29: =Inputs!C123 -> 0.62285714
B30: Confidence | C30: =Inputs!C124 -> medium
B31: Overall model check result | C31: =IF(AND((SUMIF('Revenue summary'!C33:H33,">0")-SUMIF('Revenue summary'!C33:H33,"<0")+0*SUM('Revenue summary'!C33:H33))<0.5,(SUMIF('Balance Sheet'!C43:H43,">0")-SUMIF('Balance Sheet'!C43:H43,"<0")+0*SUM('Balance Sheet'!C43:H43))<0.5,(SUMIF('Cash Flow Statement'!C61:H61,">0")-SUMIF('Cash Flow Statement'!C61:H61,"<0")+0*SUM('Cash Flow Statement'!C61:H61))<0.5,(SUMIF('Cash Flow Statement'!D62:H62,">0")-SUMIF('Cash Flow Statement'!D62:H62,"<0")+0*SUM('Cash Flow Statement'!D62:H62))<0.5,(SUMIF('Cash Flow Statement'!C117:G117,">0")-SUMIF('Cash Flow Statement'!C117:G117,"<0")+0*SUM('Cash Flow Statement'!C117:G117))<0.5,ABS('Income Statement'!E122)<0.5,ABS('Revenue summary'!E442)<0.5,ABS('Income Statement'!E121)<0.5,ABS('Segment - Investor Services'!E156)<0.5,ABS('Segment - Advisor Services'!E152)<0.5,ABS('Revenue summary'!E445)<0.5,(SUMIF('Segment - Advisor Services'!C150:H150,">0")-SUMIF('Segment - Advisor Services'!C150:H150,"<0")+0*SUM('Segment - Advisor Services'!C150:H150))<0.5,(SUMIF('Segment - Advisor Services'!C151:H151,">0")-SUMIF('Segment - Advisor Services'!C151:H151,"<0")+0*SUM('Segment - Advisor Services'!C151:H151))<0.5,C32="PASS"),"PASS","FAIL") -> PASS | I31: C31 gate composition. Genuine historical/source ties: C:G columns of Revenue summary row 33, Balance Sheet row 43, Cash Flow rows 61/62, Cash Flow C117:G117 (YTD), Segment AS C150:G151; FY25 10-K ties IS E121/E122 and Revenue summary E445; NNA terms inside Seg IS E156 and Seg AS E152; plus C32. Partial check: Revenue summary E442 is an FY25 additivity check (genuine only for the NII/AMA detail lines; trading/BDA/other terms are identities because E377/E396/E419 = 1H25 + 3Q25 + 4Q25). Construction identities (cannot fail; kept for traceability, NOT independent evidence for 3Q26E): H column of Revenue summary H33 (segments = company × complementary shares), Balance Sheet H43 (cash H10 is the balancing plug), Seg AS H150/H151; and the FY25 segment-line terms in Seg IS E156 / Seg AS E152 (4Q25 segment lines backsolved as FY − 1H25 − 3Q25). Wiring checks (can fail, but test only that every BS movement maps into the CF, not the forecast): Cash Flow H61/H62. IS H104 EPS×shares identity is excluded. A PASS therefore does not independently validate the 3Q26E forecast.
B32: Historical source-tie check | C32: =IF(AND((SUMIF('Revenue summary'!C441:G441,">0")-SUMIF('Revenue summary'!C441:G441,"<0")+0*SUM('Revenue summary'!C441:G441))<0.5,(SUMIF('Income Statement'!C81:G81,">0")-SUMIF('Income Statement'!C81:G81,"<0")+0*SUM('Income Statement'!C81:G81))<0.005,(SUMIF('Income Statement'!C102:G102,">0")-SUMIF('Income Statement'!C102:G102,"<0")+0*SUM('Income Statement'!C102:G102))<0.005,(SUMIF('Income Statement'!C103:G103,">0")-SUMIF('Income Statement'!C103:G103,"<0")+0*SUM('Income Statement'!C103:G103))<0.005),"PASS","FAIL") -> PASS | I32: C32 = historical source ties: CapIQ revenue (Revenue summary C441:G441), reported GAAP EPS (IS C81:G81), reported adj. EPS (IS C102:G102), CapIQ normalized EPS (IS C103:G103).
B33: Consensus detail at cutoff (frozen scoring baseline) and newer references (recorded separately)
B34: EPS ests: n / high / low / sd | C34: =Inputs!C27 -> 19 | D34: =Inputs!C24 -> 1.73 | E34: =Inputs!C25 -> 1.59 | F34: =Inputs!C26 -> 0.03
B35: Revenue ests: n / high / low / sd | C35: =Inputs!C43 -> 13 | D35: =Inputs!C40 -> 7278 | E35: =Inputs!C41 -> 7060.92 | F35: =Inputs!C42 -> 60.88
B36: Other references (not used to replace the frozen baseline): Benzinga/Tickeron $1.67 & $7.21bn; Earnings Whispers whisper $1.68; BofA $1.66
B37: Mkt cap $bn / bucket / start P | C37: =Inputs!C109 -> 167.23 | D37: =Inputs!C113 -> Large | E37: =Inputs!C121 -> 0.80285714

Sheet Revenue summary
B1: The Charles Schwab Corporation (NYSE: SCHW)
B2: Revenue summary and company revenue drivers
B3: $ millions, except per share
B4: Period | C4: 3Q25A | D4: 4Q25A | E4: FY25A | F4: 1Q26A | G4: 2Q26A | H4: 3Q26E
B5: Period end | C5: =DATE(2025,9,30) -> 45930 | D5: =DATE(2025,12,31) -> 46022 | E5: =DATE(2025,12,31) -> 46022 | F5: =DATE(2026,3,31) -> 46112 | G5: =DATE(2026,6,30) -> 46203 | H5: =DATE(2026,9,30) -> 46295
B6: Days in period | C6: =C5-DATE(2025,6,30) -> 92 | D6: =D5-C5 -> 92 | E6: =E5-DATE(2024,12,31) -> 365 | F6: =F5-D5 -> 90 | G6: =G5-F5 -> 91 | H6: =H5-G5 -> 92
B9: Net revenues by reported segment
B10: Investor Services net revenues | C10: ='Segment - Investor Services'!C90 -> 4883 | D10: ='Segment - Investor Services'!D90 -> 5036 | E10: ='Segment - Investor Services'!E90 -> 18999 | F10: ='Segment - Investor Services'!F90 -> 5077 | G10: ='Segment - Investor Services'!G90 -> 5528 | H10: ='Segment - Investor Services'!H90 -> 5574.9066
B11: % Y/Y | H11: =IF(OR(H10="",C10=""),"",IF(C10=0,"n/m",H10/C10-1)) -> 0.14169703
B12: % Q/Q | D12: =IF(OR(D10="",C10=""),"",IF(C10=0,"n/m",D10/C10-1)) -> 0.031333197 | F12: =IF(OR(F10="",D10=""),"",IF(D10=0,"n/m",F10/D10-1)) -> 0.008141382 | G12: =IF(OR(G10="",F10=""),"",IF(F10=0,"n/m",G10/F10-1)) -> 0.088831987 | H12: =IF(OR(H10="",G10=""),"",IF(G10=0,"n/m",H10/G10-1)) -> 0.0084852779
B13: % of total net revenues | C13: =C10/C26 -> 0.79592502 | D13: =D10/D26 -> 0.79482323 | E13: =E10/E26 -> 0.79423937 | F13: =F10/F26 -> 0.78324591 | G13: =G10/G26 -> 0.78167421 | H13: =H10/H26 -> 0.77965499
B14: Total growth Y/Y | H14: =IF(C10=0,"n/m",H10/C10-1) -> 0.14169703
B15: M&A / scope contribution (Forge) | H15: =H405*'Segment - Investor Services'!H80/C10 -> 0.007188204 | I15: Forge scope allocated with the segment build's other-revenue shares (IS 78% / AS 22%; Seg IS!H80, Seg AS!H74). 10-Q assigns Forge goodwill to Investor Services, but no segment revenue split for Forge is disclosed (unresolved); consolidated revenue/EPS unaffected.
B16: FX impact | H16: 0
B17: Organic growth | H17: =(1+H14)/((1+H15)*(1+H16))-1 -> 0.13354885
B18: Advisor Services net revenues | C18: ='Segment - Advisor Services'!C84 -> 1252 | D18: ='Segment - Advisor Services'!D84 -> 1300 | E18: ='Segment - Advisor Services'!E84 -> 4922 | F18: ='Segment - Advisor Services'!F84 -> 1405 | G18: ='Segment - Advisor Services'!G84 -> 1544 | H18: ='Segment - Advisor Services'!H84 -> 1575.5724
B19: % Y/Y | H19: =IF(OR(H18="",C18=""),"",IF(C18=0,"n/m",H18/C18-1)) -> 0.2584444
B20: % Q/Q | D20: =IF(OR(D18="",C18=""),"",IF(C18=0,"n/m",D18/C18-1)) -> 0.038338658 | F20: =IF(OR(F18="",D18=""),"",IF(D18=0,"n/m",F18/D18-1)) -> 0.080769231 | G20: =IF(OR(G18="",F18=""),"",IF(F18=0,"n/m",G18/F18-1)) -> 0.098932384 | H20: =IF(OR(H18="",G18=""),"",IF(G18=0,"n/m",H18/G18-1)) -> 0.020448438
B21: % of total net revenues | C21: =C18/C26 -> 0.20407498 | D21: =D18/D26 -> 0.20517677 | E21: =E18/E26 -> 0.20576063 | F21: =F18/F26 -> 0.21675409 | G21: =G18/G26 -> 0.21832579 | H21: =H18/H26 -> 0.22034501
B22: Total growth Y/Y | H22: =IF(C18=0,"n/m",H18/C18-1) -> 0.2584444
B23: M&A / scope contribution | H23: =H405*'Segment - Advisor Services'!H74/C18 -> 0.0079073482
B24: FX impact | H24: 0
B25: Organic growth | H25: =(1+H22)/((1+H23)*(1+H24))-1 -> 0.24857151
B26: Total net revenues | C26: =C10+C18 -> 6135 | D26: =D10+D18 -> 6336 | E26: =E10+E18 -> 23921 | F26: =F10+F18 -> 6482 | G26: =G10+G18 -> 7072 | H26: =H10+H18 -> 7150.479
B27: % Y/Y | H27: =IF(OR(H26="",C26=""),"",IF(C26=0,"n/m",H26/C26-1)) -> 0.16552225
B28: % Q/Q | D28: =IF(OR(D26="",C26=""),"",IF(C26=0,"n/m",D26/C26-1)) -> 0.032762836 | F28: =IF(OR(F26="",D26=""),"",IF(D26=0,"n/m",F26/D26-1)) -> 0.023042929 | G28: =IF(OR(G26="",F26=""),"",IF(F26=0,"n/m",G26/F26-1)) -> 0.09102129 | H28: =IF(OR(H26="",G26=""),"",IF(G26=0,"n/m",H26/G26-1)) -> 0.011097144
B29: Total growth Y/Y | H29: =IF(C26=0,"n/m",H26/C26-1) -> 0.16552225
B30: M&A / scope contribution (Forge) | H30: =H405/C26 -> 0.0073349633
B31: FX impact | H31: 0
B32: Organic growth | H32: =(1+H29)/((1+H30)*(1+H31))-1 -> 0.15703544
B33: Chk: segments − total revenue | C33: =ROUND(C26-C438,3) -> 0 | D33: =ROUND(D26-D438,3) -> 0 | E33: =ROUND(E26-E438,3) -> 0 | F33: =ROUND(F26-F438,3) -> 0 | G33: =ROUND(G26-G438,3) -> 0 | H33: =ROUND(H26-H438,3) -> 0 | I33: C:G = historical source tie. H (3Q26E) = construction identity: segment revenues are company lines × complementary shares, so H33 cannot fail.
B34: Geography: substantially all revenue is US-based; no geographic split is disclosed (2025 10-K) — Geo tab omitted
B36: Net interest revenue build — average balances, interest and yields (act/365 model basis)
B37: Avg bal: Cash & equivalents | C37: 24298 | D37: 29491 | E37: 28054 | F37: 32477 | G37: 30707 | H37: 29000
B38: % Y/Y change | H38: =IF(OR(H37="",C37=""),"",IF(C37=0,"n/m",H37/C37-1)) -> 0.19351387
B39: Q/Q change (abs) | D39: =IF(OR(D37="",C37=""),"",D37-C37) -> 5193 | F39: =IF(OR(F37="",D37=""),"",F37-D37) -> 2986 | G39: =IF(OR(G37="",F37=""),"",G37-F37) -> -1770 | H39: =IF(OR(H37="",G37=""),"",H37-G37) -> -1707
B40: Avg bal: Segregated cash & inv. | C40: 46046 | D40: 45114 | E40: 44359 | F40: 43946 | G40: 41326 | H40: 36000
B41: % Y/Y change | H41: =IF(OR(H40="",C40=""),"",IF(C40=0,"n/m",H40/C40-1)) -> -0.21817313
B42: Q/Q change (abs) | D42: =IF(OR(D40="",C40=""),"",D40-C40) -> -932 | F42: =IF(OR(F40="",D40=""),"",F40-D40) -> -1168 | G42: =IF(OR(G40="",F40=""),"",G40-F40) -> -2620 | H42: =IF(OR(H40="",G40=""),"",H40-G40) -> -5326
B43: Avg bal: Margin receivables | C43: 90121 | D43: 100086 | E43: 87300 | F43: 104520 | G43: 112136 | H43: 123500
B44: % Y/Y change | H44: =IF(OR(H43="",C43=""),"",IF(C43=0,"n/m",H43/C43-1)) -> 0.37037982
B45: Q/Q change (abs) | D45: =IF(OR(D43="",C43=""),"",D43-C43) -> 9965 | F45: =IF(OR(F43="",D43=""),"",F43-D43) -> 4434 | G45: =IF(OR(G43="",F43=""),"",G43-F43) -> 7616 | H45: =IF(OR(H43="",G43=""),"",H43-G43) -> 11364
B46: Avg bal: AFS securities | C46: 69794 | D46: 66031 | E46: 74478 | F46: 65255 | G46: 65864 | H46: 64500
B47: % Y/Y change | H47: =IF(OR(H46="",C46=""),"",IF(C46=0,"n/m",H46/C46-1)) -> -0.075851792
B48: Q/Q change (abs) | D48: =IF(OR(D46="",C46=""),"",D46-C46) -> -3763 | F48: =IF(OR(F46="",D46=""),"",F46-D46) -> -776 | G48: =IF(OR(G46="",F46=""),"",G46-F46) -> 609 | H48: =IF(OR(H46="",G46=""),"",H46-G46) -> -1364
B49: Avg bal: HTM securities | C49: 137672 | D49: 134742 | E49: 139447 | F49: 132192 | G49: 131126 | H49: 129800
B50: % Y/Y change | H50: =IF(OR(H49="",C49=""),"",IF(C49=0,"n/m",H49/C49-1)) -> -0.057179383
B51: Q/Q change (abs) | D51: =IF(OR(D49="",C49=""),"",D49-C49) -> -2930 | F51: =IF(OR(F49="",D49=""),"",F49-D49) -> -2550 | G51: =IF(OR(G49="",F49=""),"",G49-F49) -> -1066 | H51: =IF(OR(H49="",G49=""),"",H49-G49) -> -1326
B52: Avg bal: Bank loans | C52: 51849 | D52: 55677 | E52: 50595 | F52: 59285 | G52: 63823 | H52: 69500
B53: % Y/Y change | H53: =IF(OR(H52="",C52=""),"",IF(C52=0,"n/m",H52/C52-1)) -> 0.34043087
B54: Q/Q change (abs) | D54: =IF(OR(D52="",C52=""),"",D52-C52) -> 3828 | F54: =IF(OR(F52="",D52=""),"",F52-D52) -> 3608 | G54: =IF(OR(G52="",F52=""),"",G52-F52) -> 4538 | H54: =IF(OR(H52="",G52=""),"",H52-G52) -> 5677
B55: Total avg interest-earning assets | C55: =C37+C40+C43+C46+C49+C52 -> 419780 | D55: =D37+D40+D43+D46+D49+D52 -> 431141 | E55: =E37+E40+E43+E46+E49+E52 -> 424233 | F55: =F37+F40+F43+F46+F49+F52 -> 437675 | G55: =G37+G40+G43+G46+G49+G52 -> 444982 | H55: =H37+H40+H43+H46+H49+H52 -> 452300
B56: % Y/Y change | H56: =IF(OR(H55="",C55=""),"",IF(C55=0,"n/m",H55/C55-1)) -> 0.077469151
B57: Q/Q change (abs) | D57: =IF(OR(D55="",C55=""),"",D55-C55) -> 11361 | F57: =IF(OR(F55="",D55=""),"",F55-D55) -> 6534 | G57: =IF(OR(G55="",F55=""),"",G55-F55) -> 7307 | H57: =IF(OR(H55="",G55=""),"",H55-G55) -> 7318
B58: Yield: Cash & equivalents | C58: =C76*365/C$6/C37 -> 0.043106071 | D58: =D76*365/D$6/D37 -> 0.039282434 | E58: =E76*365/E$6/E37 -> 0.042382548 | F58: =F76*365/F$6/F37 -> 0.035963913 | G58: =G76*365/G$6/G37 -> 0.036312728 | H58: =G58+H59/10000 -> 0.036712728
B59: Chg Q/Q (bp); 3Q26E input | D59: =(D58-C58)*10000 -> -38.236366 | F59: =(F58-D58)*10000 -> -33.185211 | G59: =(G58-F58)*10000 -> 3.4881528 | H59: 4
B60: Change Y/Y (bp) | H60: =IF(OR(H58="",C58=""),"",(H58-C58)*10000) -> -63.933424
B61: Yield: Segregated cash & inv. | C61: =C83*365/C$6/C40 -> 0.042563769 | D61: =D83*365/D$6/D40 -> 0.03957366 | E61: =E83*365/E$6/E40 -> 0.041975698 | F61: =F83*365/F$6/F40 -> 0.036637135 | G61: =G83*365/G$6/G40 -> 0.036299421 | H61: =G61+H62/10000 -> 0.036699421
B62: Chg Q/Q (bp); 3Q26E input | D62: =(D61-C61)*10000 -> -29.901092 | F62: =(F61-D61)*10000 -> -29.365243 | G62: =(G61-F61)*10000 -> -3.3771404 | H62: 4
B63: Change Y/Y (bp) | H63: =IF(OR(H61="",C61=""),"",(H61-C61)*10000) -> -58.643475
B64: Yield: Margin receivables | C64: =C90*365/C$6/C43 -> 0.065594179 | D64: =D90*365/D$6/D43 -> 0.061283166 | E64: =E90*365/E$6/E43 -> 0.065292096 | F64: =F90*365/F$6/F43 -> 0.058163775 | G64: =G90*365/G$6/G43 -> 0.05755227 | H64: =G64+H65/10000 -> 0.05795227
B65: Chg Q/Q (bp); 3Q26E input | D65: =(D64-C64)*10000 -> -43.110134 | F65: =(F64-D64)*10000 -> -31.193909 | G65: =(G64-F64)*10000 -> -6.1150541 | H65: 4
B66: Change Y/Y (bp) | H66: =IF(OR(H64="",C64=""),"",(H64-C64)*10000) -> -76.419097
B67: Yield: AFS securities | C67: =C97*365/C$6/C46 -> 0.020463949 | D67: =D97*365/D$6/D46 -> 0.020428481 | E67: =E97*365/E$6/E46 -> 0.020650393 | F67: =F97*365/F$6/F46 -> 0.020260687 | G67: =G97*365/G$6/G46 -> 0.021801501 | H67: =G67+H68/10000 -> 0.022601501
B68: Chg Q/Q (bp); 3Q26E input | D68: =(D67-C67)*10000 -> -0.35467966 | F68: =(F67-D67)*10000 -> -1.6779451 | G68: =(G67-F67)*10000 -> 15.408144 | H68: 8
B69: Change Y/Y (bp) | H69: =IF(OR(H67="",C67=""),"",(H67-C67)*10000) -> 21.375519
B70: Yield: HTM securities | C70: =C104*365/C$6/C49 -> 0.016915994 | D70: =D104*365/D$6/D49 -> 0.016930504 | E70: =E104*365/E$6/E49 -> 0.017110443 | F70: =F104*365/F$6/F49 -> 0.017395153 | G70: =G104*365/G$6/G49 -> 0.017435625 | H70: =G70+H71/10000 -> 0.017535625
B71: Chg Q/Q (bp); 3Q26E input | D71: =(D70-C70)*10000 -> 0.14510443 | F71: =(F70-D70)*10000 -> 4.6464828 | G71: =(G70-F70)*10000 -> 0.40472285 | H71: 1
B72: Change Y/Y (bp) | H72: =IF(OR(H70="",C70=""),"",(H70-C70)*10000) -> 6.1963101
B73: Yield: Bank loans | C73: =C111*365/C$6/C52 -> 0.042620628 | D73: =D111*365/D$6/D52 -> 0.042754365 | E73: =E111*365/E$6/E52 -> 0.042850084 | F73: =F111*365/F$6/F52 -> 0.042891681 | G73: =G111*365/G$6/G52 -> 0.043551939 | H73: =G73+H74/10000 -> 0.043851939
B74: Chg Q/Q (bp); 3Q26E input | D74: =(D73-C73)*10000 -> 1.3373675 | F74: =(F73-D73)*10000 -> 1.3731638 | G74: =(G73-F73)*10000 -> 6.6025729 | H74: 3
B75: Change Y/Y (bp) | H75: =IF(OR(H73="",C73=""),"",(H73-C73)*10000) -> 12.313104
B76: Int. inc: Cash & equivalents | C76: 264 | D76: 292 | E76: 1189 | F76: 288 | G76: 278 | H76: =H37*H58*H$6/365 -> 268.35496
B77: % Y/Y change | H77: =IF(OR(H76="",C76=""),"",IF(C76=0,"n/m",H76/C76-1)) -> 0.016496045
B78: Q/Q change (abs) | D78: =IF(OR(D76="",C76=""),"",D76-C76) -> 28 | F78: =IF(OR(F76="",D76=""),"",F76-D76) -> -4 | G78: =IF(OR(G76="",F76=""),"",G76-F76) -> -10 | H78: =IF(OR(H76="",G76=""),"",H76-G76) -> -9.6450442
B79: Total growth Y/Y | H79: =IF(C76=0,"n/m",H76/C76-1) -> 0.016496045
B80: M&A / scope contribution | H80: 0
B81: FX impact | H81: 0
B82: Organic growth | H82: =(1+H79)/((1+H80)*(1+H81))-1 -> 0.016496045
B83: Int. inc: Segregated cash & inv. | C83: 494 | D83: 450 | E83: 1862 | F83: 397 | G83: 374 | H83: =H40*H61*H$6/365 -> 333.00954
B84: % Y/Y change | H84: =IF(OR(H83="",C83=""),"",IF(C83=0,"n/m",H83/C83-1)) -> -0.32589161
B85: Q/Q change (abs) | D85: =IF(OR(D83="",C83=""),"",D83-C83) -> -44 | F85: =IF(OR(F83="",D83=""),"",F83-D83) -> -53 | G85: =IF(OR(G83="",F83=""),"",G83-F83) -> -23 | H85: =IF(OR(H83="",G83=""),"",H83-G83) -> -40.990455
B86: Total growth Y/Y | H86: =IF(C83=0,"n/m",H83/C83-1) -> -0.32589161
B87: M&A / scope contribution | H87: 0
B88: FX impact | H88: 0
B89: Organic growth | H89: =(1+H86)/((1+H87)*(1+H88))-1 -> -0.32589161
B90: Int. inc: Margin receivables | C90: 1490 | D90: 1546 | E90: 5700 | F90: 1499 | G90: 1609 | H90: =H43*H64*H$6/365 -> 1803.9827
B91: % Y/Y change | H91: =IF(OR(H90="",C90=""),"",IF(C90=0,"n/m",H90/C90-1)) -> 0.21072665
B92: Q/Q change (abs) | D92: =IF(OR(D90="",C90=""),"",D90-C90) -> 56 | F92: =IF(OR(F90="",D90=""),"",F90-D90) -> -47 | G92: =IF(OR(G90="",F90=""),"",G90-F90) -> 110 | H92: =IF(OR(H90="",G90=""),"",H90-G90) -> 194.98271
B93: Total growth Y/Y | H93: =IF(C90=0,"n/m",H90/C90-1) -> 0.21072665
B94: M&A / scope contribution | H94: 0
B95: FX impact | H95: 0
B96: Organic growth | H96: =(1+H93)/((1+H94)*(1+H95))-1 -> 0.21072665
B97: Int. inc: AFS securities | C97: 360 | D97: 340 | E97: 1538 | F97: 326 | G97: 358 | H97: =H46*H67*H$6/365 -> 367.44468
B98: % Y/Y change | H98: =IF(OR(H97="",C97=""),"",IF(C97=0,"n/m",H97/C97-1)) -> 0.02067966
B99: Q/Q change (abs) | D99: =IF(OR(D97="",C97=""),"",D97-C97) -> -20 | F99: =IF(OR(F97="",D97=""),"",F97-D97) -> -14 | G99: =IF(OR(G97="",F97=""),"",G97-F97) -> 32 | H99: =IF(OR(H97="",G97=""),"",H97-G97) -> 9.4446775
B100: Total growth Y/Y | H100: =IF(C97=0,"n/m",H97/C97-1) -> 0.02067966
B101: M&A / scope contribution | H101: 0
B102: FX impact | H102: 0
B103: Organic growth | H103: =(1+H100)/((1+H101)*(1+H102))-1 -> 0.02067966
...

Sheet Segment - Investor Services
B1: The Charles Schwab Corporation (NYSE: SCHW)
B2: Segment — Investor Services
B3: $ millions, except per share
B4: Period | C4: 3Q25A | D4: 4Q25A | E4: FY25A | F4: 1Q26A | G4: 2Q26A | H4: 3Q26E
B5: Period end | C5: =DATE(2025,9,30) -> 45930 | D5: =DATE(2025,12,31) -> 46022 | E5: =DATE(2025,12,31) -> 46022 | F5: =DATE(2026,3,31) -> 46112 | G5: =DATE(2026,6,30) -> 46203 | H5: =DATE(2026,9,30) -> 46295
B6: Days in period | C6: =C5-DATE(2025,6,30) -> 92 | D6: =D5-C5 -> 92 | E6: =E5-DATE(2024,12,31) -> 365 | F6: =F5-D5 -> 90 | G6: =G5-F5 -> 91 | H6: =H5-G5 -> 92
B9: Segment client assets ladder ($bn)
B10: Segment client assets, opening | C10: =Inputs!D184 -> 6069.9 | D10: =C20 -> 6577.2 | E10: =Inputs!D183 -> 5721.6 | F10: =D20 -> 6707.5 | G10: =F20 -> 6566.4 | H10: =G20 -> 7343
B11: Segment NNA | C11: 52.7 | D11: 60.4 | E11: =Inputs!C176+C11+D11 -> 213.8 | F11: 54.1 | G11: 38.5 | H11: ='Revenue summary'!H447*H14 -> 72.076
B12: % Y/Y change | H12: =IF(OR(H11="",C11=""),"",IF(C11=0,"n/m",H11/C11-1)) -> 0.36766603
B13: Q/Q change (abs) | D13: =IF(OR(D11="",C11=""),"",D11-C11) -> 7.7 | F13: =IF(OR(F11="",D11=""),"",F11-D11) -> -6.3 | G13: =IF(OR(G11="",F11=""),"",G11-F11) -> -15.6 | H13: =IF(OR(H11="",G11=""),"",H11-G11) -> 33.576
B14: Seg. share: NNA | C14: =C11/'Revenue summary'!C447 -> 0.3921131 | D14: =D11/'Revenue summary'!D447 -> 0.3817952 | E14: =E11/'Revenue summary'!E447 -> 0.42880064 | F14: =F11/'Revenue summary'!F447 -> 0.38670479 | G14: =G11/'Revenue summary'!G447 -> 0.32434709 | H14: 0.37
B15: Change Q/Q (bp) | D15: =IF(OR(D14="",C14=""),"",(D14-C14)*10000) -> -103.17899 | F15: =IF(OR(F14="",D14=""),"",(F14-D14)*10000) -> 49.095932 | G15: =IF(OR(G14="",F14=""),"",(G14-F14)*10000) -> -623.57696 | H15: =IF(OR(H14="",G14=""),"",(H14-G14)*10000) -> 456.52906
B16: Change Y/Y (bp) | H16: =IF(OR(H14="",C14=""),"",(H14-C14)*10000) -> -221.13095
B17: Segment market gains (derived) | C17: =C20-C10-C11 -> 454.6 | D17: =D20-D10-D11 -> 69.9 | E17: =E20-E10-E11 -> 772.1 | F17: =F20-F10-F11 -> -195.2 | G17: =G20-G10-G11 -> 738.1 | H17: ='Revenue summary'!H453*H10/'Revenue summary'!H446 -> 92.763254
B18: % Y/Y change | H18: =IF(OR(H17="",C17=""),"",IF(C17=0,"n/m",H17/C17-1)) -> -0.79594533
B19: Q/Q change (abs) | D19: =IF(OR(D17="",C17=""),"",D17-C17) -> -384.7 | F19: =IF(OR(F17="",D17=""),"",F17-D17) -> -265.1 | G19: =IF(OR(G17="",F17=""),"",G17-F17) -> 933.3 | H19: =IF(OR(H17="",G17=""),"",H17-G17) -> -645.33675
B20: Segment client assets, closing | C20: 6577.2 | D20: 6707.5 | E20: =D20 -> 6707.5 | F20: 6566.4 | G20: 7343 | H20: =H10+H11+H17 -> 7507.8393
B21: % Y/Y change | H21: =IF(OR(H20="",C20=""),"",IF(C20=0,"n/m",H20/C20-1)) -> 0.14149475
B22: Q/Q change (abs) | D22: =IF(OR(D20="",C20=""),"",D20-C20) -> 130.3 | F22: =IF(OR(F20="",D20=""),"",F20-D20) -> -141.1 | G22: =IF(OR(G20="",F20=""),"",G20-F20) -> 776.6 | H22: =IF(OR(H20="",G20=""),"",H20-G20) -> 164.83925
B23: Segment client assets, average | C23: =AVERAGE(C10,C20) -> 6323.55 | D23: =AVERAGE(D10,D20) -> 6642.35 | E23: =AVERAGE(E10,E20) -> 6214.55 | F23: =AVERAGE(F10,F20) -> 6636.95 | G23: =AVERAGE(G10,G20) -> 6954.7 | H23: =AVERAGE(H10,H20) -> 7425.4196 | I23: FY25 column = two-point (Dec-24/Dec-25) average proxy; FY ratio E97 is approximate.
B24: % Y/Y change | H24: =IF(OR(H23="",C23=""),"",IF(C23=0,"n/m",H23/C23-1)) -> 0.17424858
B25: Q/Q change (abs) | D25: =IF(OR(D23="",C23=""),"",D23-C23) -> 318.8 | F25: =IF(OR(F23="",D23=""),"",F23-D23) -> -5.4 | G25: =IF(OR(G23="",F23=""),"",G23-F23) -> 317.75 | H25: =IF(OR(H23="",G23=""),"",H23-G23) -> 470.71963
B26: Seg. % of company assets | C26: =C20/'Revenue summary'!C459 -> 0.56729832 | D26: =D20/'Revenue summary'!D459 -> 0.5635134 | E26: =E20/'Revenue summary'!E459 -> 0.5635134 | F26: =F20/'Revenue summary'!F459 -> 0.55799251 | G26: =G20/'Revenue summary'!G459 -> 0.56118121 | H26: =H20/'Revenue summary'!H459 -> 0.55841125
B27: Change Q/Q (bp) | D27: =IF(OR(D26="",C26=""),"",(D26-C26)*10000) -> -37.849207 | F27: =IF(OR(F26="",D26=""),"",(F26-D26)*10000) -> -55.208949 | G27: =IF(OR(G26="",F26=""),"",(G26-F26)*10000) -> 31.887038 | H27: =IF(OR(H26="",G26=""),"",(H26-G26)*10000) -> -27.699591
B28: Change Y/Y (bp) | H28: =IF(OR(H26="",C26=""),"",(H26-C26)*10000) -> -88.870708
B29: Seg. organic growth (ann.) | C29: =C11*(365/C$6)/C10 -> 0.034445629 | D29: =D11*(365/D$6)/D10 -> 0.036433503 | E29: =E11*(365/E$6)/E10 -> 0.03736717 | F29: =F11*(365/F$6)/F10 -> 0.032710482 | G29: =G11*(365/G$6)/G10 -> 0.02351716 | H29: =H11*(365/H$6)/H10 -> 0.038942353
B30: Change Q/Q (bp) | D30: =IF(OR(D29="",C29=""),"",(D29-C29)*10000) -> 19.878741 | F30: =IF(OR(F29="",D29=""),"",(F29-D29)*10000) -> -37.230212 | G30: =IF(OR(G29="",F29=""),"",(G29-F29)*10000) -> -91.93322 | H30: =IF(OR(H29="",G29=""),"",(H29-G29)*10000) -> 154.25193
B31: Change Y/Y (bp) | H31: =IF(OR(H29="",C29=""),"",(H29-C29)*10000) -> 44.96724
B32: Advisory assets, closing | C32: 792.5 | D32: 824.8 | E32: =D32 -> 824.8 | F32: 841.3 | G32: 929.8 | H32: 960
B33: % Y/Y change | H33: =IF(OR(H32="",C32=""),"",IF(C32=0,"n/m",H32/C32-1)) -> 0.21135647
B34: Q/Q change (abs) | D34: =IF(OR(D32="",C32=""),"",D32-C32) -> 32.3 | F34: =IF(OR(F32="",D32=""),"",F32-D32) -> 16.5 | G34: =IF(OR(G32="",F32=""),"",G32-F32) -> 88.5 | H34: =IF(OR(H32="",G32=""),"",H32-G32) -> 30.2
B35: Advisory assets % of segment assets | C35: =C32/C20 -> 0.120492 | D35: =D32/D20 -> 0.12296683 | E35: =E32/E20 -> 0.12296683 | F35: =F32/F20 -> 0.12812195 | G35: =G32/G20 -> 0.126624 | H35: =H32/H20 -> 0.12786635
B36: Change Q/Q (bp) | D36: =IF(OR(D35="",C35=""),"",(D35-C35)*10000) -> 24.748255 | F36: =IF(OR(F35="",D35=""),"",(F35-D35)*10000) -> 51.55126 | G36: =IF(OR(G35="",F35=""),"",(G35-F35)*10000) -> -14.979585 | H36: =IF(OR(H35="",G35=""),"",(H35-G35)*10000) -> 12.423541
B37: Change Y/Y (bp) | H37: =IF(OR(H35="",C35=""),"",(H35-C35)*10000) -> 73.743471
B39: Segment net revenues by line ($m) — 3Q26E = company line × segment share
B40: Seg. share: NII | C40: =C43/'Revenue summary'!C227 -> 0.7947541 | D40: =D43/'Revenue summary'!D227 -> 0.7887768 | E40: =E43/'Revenue summary'!E227 -> 0.79387234 | F40: =F43/'Revenue summary'!F227 -> 0.77131043 | G40: =G43/'Revenue summary'!G227 -> 0.76705392 | H40: 0.763
B41: Change Q/Q (bp) | D41: =IF(OR(D40="",C40=""),"",(D40-C40)*10000) -> -59.773014 | F41: =IF(OR(F40="",D40=""),"",(F40-D40)*10000) -> -174.66364 | G41: =IF(OR(G40="",F40=""),"",(G40-F40)*10000) -> -42.565154 | H41: =IF(OR(H40="",G40=""),"",(H40-G40)*10000) -> -40.539172
B42: Change Y/Y (bp) | H42: =IF(OR(H40="",C40=""),"",(H40-C40)*10000) -> -317.54098
B43: Net interest revenue | C43: 2424 | D43: =Inputs!D147-Inputs!C147-C43 -> 2502 | E43: =Inputs!C147+C43+D43 -> 9328 | F43: 2425 | G43: 2575 | H43: ='Revenue summary'!H227*H40 -> 2659.4852
B44: % Y/Y | H44: =IF(OR(H43="",C43=""),"",IF(C43=0,"n/m",H43/C43-1)) -> 0.097147372
B45: % Q/Q | D45: =IF(OR(D43="",C43=""),"",IF(C43=0,"n/m",D43/C43-1)) -> 0.032178218 | F45: =IF(OR(F43="",D43=""),"",IF(D43=0,"n/m",F43/D43-1)) -> -0.03077538 | G45: =IF(OR(G43="",F43=""),"",IF(F43=0,"n/m",G43/F43-1)) -> 0.06185567 | H45: =IF(OR(H43="",G43=""),"",IF(G43=0,"n/m",H43/G43-1)) -> 0.032809798
B46: Total growth Y/Y | H46: =IF(C43=0,"n/m",H43/C43-1) -> 0.097147372
B47: M&A / scope contribution | H47: 0
B48: FX impact | H48: 0
B49: Organic growth | H49: =(1+H46)/((1+H47)*(1+H48))-1 -> 0.097147372
B50: Seg. share: AMA fees | C50: =C53/'Revenue summary'!C344 -> 0.72982666 | D50: =D53/'Revenue summary'!D344 -> 0.73687248 | E50: =E53/'Revenue summary'!E344 -> 0.73101752 | F50: =F53/'Revenue summary'!F344 -> 0.73564525 | G50: =G53/'Revenue summary'!G344 -> 0.73917808 | H50: 0.74
B51: Change Q/Q (bp) | D51: =IF(OR(D50="",C50=""),"",(D50-C50)*10000) -> 70.458168 | F51: =IF(OR(F50="",D50=""),"",(F50-D50)*10000) -> -12.272225 | G51: =IF(OR(G50="",F50=""),"",(G50-F50)*10000) -> 35.328292 | H51: =IF(OR(H50="",G50=""),"",(H50-G50)*10000) -> 8.2191781
B52: Change Y/Y (bp) | H52: =IF(OR(H50="",C50=""),"",(H50-C50)*10000) -> 101.73341
B53: Asset mgmt & admin fees | C53: 1221 | D53: =Inputs!D148-Inputs!C148-C53 -> 1277 | E53: =Inputs!C148+C53+D53 -> 4756 | F53: 1294 | G53: 1349 | H53: ='Revenue summary'!H344*H50 -> 1408.2719
B54: % Y/Y | H54: =IF(OR(H53="",C53=""),"",IF(C53=0,"n/m",H53/C53-1)) -> 0.15337581
B55: % Q/Q | D55: =IF(OR(D53="",C53=""),"",IF(C53=0,"n/m",D53/C53-1)) -> 0.045864046 | F55: =IF(OR(F53="",D53=""),"",IF(D53=0,"n/m",F53/D53-1)) -> 0.013312451 | G55: =IF(OR(G53="",F53=""),"",IF(F53=0,"n/m",G53/F53-1)) -> 0.042503864 | H55: =IF(OR(H53="",G53=""),"",IF(G53=0,"n/m",H53/G53-1)) -> 0.043937634
B56: Total growth Y/Y | H56: =IF(C53=0,"n/m",H53/C53-1) -> 0.15337581
B57: M&A / scope contribution | H57: 0
B58: FX impact | H58: 0
B59: Organic growth | H59: =(1+H56)/((1+H57)*(1+H58))-1 -> 0.15337581
B60: Seg. share: trading revenue | C60: =C63/'Revenue summary'!C377 -> 0.91055276 | D60: =D63/'Revenue summary'!D377 -> 0.90243902 | E60: =E63/'Revenue summary'!E377 -> 0.89900536 | F60: =F63/'Revenue summary'!F377 -> 0.89990817 | G60: =G63/'Revenue summary'!G377 -> 0.89465021 | H60: 0.895
B61: Change Q/Q (bp) | D61: =IF(OR(D60="",C60=""),"",(D60-C60)*10000) -> -81.137394 | F61: =IF(OR(F60="",D60=""),"",(F60-D60)*10000) -> -25.308518 | G61: =IF(OR(G60="",F60=""),"",(G60-F60)*10000) -> -52.579669 | H61: =IF(OR(H60="",G60=""),"",(H60-G60)*10000) -> 3.4979424
B62: Change Y/Y (bp) | H62: =IF(OR(H60="",C60=""),"",(H60-C60)*10000) -> -155.52764
B63: Trading revenue | C63: 906 | D63: =Inputs!D149-Inputs!C149-C63 -> 962 | E63: =Inputs!C149+C63+D63 -> 3525 | F63: 980 | G63: 1087 | H63: ='Revenue summary'!H377*H60 -> 1061.3184
B64: % Y/Y | H64: =IF(OR(H63="",C63=""),"",IF(C63=0,"n/m",H63/C63-1)) -> 0.17143316
B65: % Q/Q | D65: =IF(OR(D63="",C63=""),"",IF(C63=0,"n/m",D63/C63-1)) -> 0.061810155 | F65: =IF(OR(F63="",D63=""),"",IF(D63=0,"n/m",F63/D63-1)) -> 0.018711019 | G65: =IF(OR(G63="",F63=""),"",IF(F63=0,"n/m",G63/F63-1)) -> 0.10918367 | H65: =IF(OR(H63="",G63=""),"",IF(G63=0,"n/m",H63/G63-1)) -> -0.02362609
B66: Total growth Y/Y | H66: =IF(C63=0,"n/m",H63/C63-1) -> 0.17143316
B67: M&A / scope contribution | H67: 0
B68: FX impact | H68: 0
B69: Organic growth | H69: =(1+H66)/((1+H67)*(1+H68))-1 -> 0.17143316
B70: Seg. share: BDA fees | C70: =C73/'Revenue summary'!C396 -> 0.79352227 | D70: =D73/'Revenue summary'!D396 -> 0.77731092 | E70: =E73/'Revenue summary'!E396 -> 0.78403275 | F70: =F73/'Revenue summary'!F396 -> 0.76610169 | G70: =G73/'Revenue summary'!G396 -> 0.77177177 | H70: 0.77
B71: Change Q/Q (bp) | D71: =IF(OR(D70="",C70=""),"",(D70-C70)*10000) -> -162.11343 | F71: =IF(OR(F70="",D70=""),"",(F70-D70)*10000) -> -112.09229 | G71: =IF(OR(G70="",F70=""),"",(G70-F70)*10000) -> 56.700769 | H71: =IF(OR(H70="",G70=""),"",(H70-G70)*10000) -> -17.717718
B72: Change Y/Y (bp) | H72: =IF(OR(H70="",C70=""),"",(H70-C70)*10000) -> -235.22267
B73: Bank deposit account fees | C73: 196 | D73: =Inputs!D150-Inputs!C150-C73 -> 185 | E73: =Inputs!C150+C73+D73 -> 766 | F73: 226 | G73: 257 | H73: ='Revenue summary'!H396*H70 -> 266.43108
B74: % Y/Y | H74: =IF(OR(H73="",C73=""),"",IF(C73=0,"n/m",H73/C73-1)) -> 0.35934223
B75: % Q/Q | D75: =IF(OR(D73="",C73=""),"",IF(C73=0,"n/m",D73/C73-1)) -> -0.056122449 | F75: =IF(OR(F73="",D73=""),"",IF(D73=0,"n/m",F73/D73-1)) -> 0.22162162 | G75: =IF(OR(G73="",F73=""),"",IF(F73=0,"n/m",G73/F73-1)) -> 0.13716814 | H75: =IF(OR(H73="",G73=""),"",IF(G73=0,"n/m",H73/G73-1)) -> 0.036696797
B76: Total growth Y/Y | H76: =IF(C73=0,"n/m",H73/C73-1) -> 0.35934223
B77: M&A / scope contribution | H77: 0
B78: FX impact | H78: 0
B79: Organic growth | H79: =(1+H76)/((1+H77)*(1+H78))-1 -> 0.35934223
B80: Seg. share: other revenue | C80: =C83/'Revenue summary'!C419 -> 0.8 | D80: =D83/'Revenue summary'!D419 -> 0.86614173 | E80: =E83/'Revenue summary'!E419 -> 0.81355932 | F80: =F83/'Revenue summary'!F419 -> 0.77948718 | G80: =G83/'Revenue summary'!G419 -> 0.76023392 | H80: 0.78
B81: Change Q/Q (bp) | D81: =IF(OR(D80="",C80=""),"",(D80-C80)*10000) -> 661.41732 | F81: =IF(OR(F80="",D80=""),"",(F80-D80)*10000) -> -866.54553 | G81: =IF(OR(G80="",F80=""),"",(G80-F80)*10000) -> -192.53261 | H81: =IF(OR(H80="",G80=""),"",(H80-G80)*10000) -> 197.66082
B82: Change Y/Y (bp) | H82: =IF(OR(H80="",C80=""),"",(H80-C80)*10000) -> -200
B83: Other revenue | C83: 136 | D83: =Inputs!D151-Inputs!C151-C83 -> 110 | E83: =Inputs!C151+C83+D83 -> 624 | F83: 152 | G83: 260 | H83: ='Revenue summary'!H419*H80 -> 179.4
B84: % Y/Y | H84: =IF(OR(H83="",C83=""),"",IF(C83=0,"n/m",H83/C83-1)) -> 0.31911765
B85: % Q/Q | D85: =IF(OR(D83="",C83=""),"",IF(C83=0,"n/m",D83/C83-1)) -> -0.19117647 | F85: =IF(OR(F83="",D83=""),"",IF(D83=0,"n/m",F83/D83-1)) -> 0.38181818 | G85: =IF(OR(G83="",F83=""),"",IF(F83=0,"n/m",G83/F83-1)) -> 0.71052632 | H85: =IF(OR(H83="",G83=""),"",IF(G83=0,"n/m",H83/G83-1)) -> -0.31
B86: Total growth Y/Y | H86: =IF(C83=0,"n/m",H83/C83-1) -> 0.31911765
B87: M&A / scope contribution (Forge) | H87: ='Revenue summary'!H405*H80/C83 -> 0.25808824 | I87: Forge scope × IS other-revenue share (H80), consistent with the segment revenue build.
B88: FX impact | H88: 0
B89: Organic growth | H89: =(1+H86)/((1+H87)*(1+H88))-1 -> 0.048509643
B90: Segment total net revenues | C90: =C43+C53+C63+C73+C83 -> 4883 | D90: =D43+D53+D63+D73+D83 -> 5036 | E90: =E43+E53+E63+E73+E83 -> 18999 | F90: =F43+F53+F63+F73+F83 -> 5077 | G90: =G43+G53+G63+G73+G83 -> 5528 | H90: =H43+H53+H63+H73+H83 -> 5574.9066
B91: % Y/Y | H91: =IF(OR(H90="",C90=""),"",IF(C90=0,"n/m",H90/C90-1)) -> 0.14169703
B92: % Q/Q | D92: =IF(OR(D90="",C90=""),"",IF(C90=0,"n/m",D90/C90-1)) -> 0.031333197 | F92: =IF(OR(F90="",D90=""),"",IF(D90=0,"n/m",F90/D90-1)) -> 0.008141382 | G92: =IF(OR(G90="",F90=""),"",IF(F90=0,"n/m",G90/F90-1)) -> 0.088831987 | H92: =IF(OR(H90="",G90=""),"",IF(G90=0,"n/m",H90/G90-1)) -> 0.0084852779
B93: Total growth Y/Y | H93: =IF(C90=0,"n/m",H90/C90-1) -> 0.14169703
B94: M&A / scope contribution (Forge) | H94: ='Revenue summary'!H405*H80/C90 -> 0.007188204
B95: FX impact | H95: 0
B96: Organic growth | H96: =(1+H93)/((1+H94)*(1+H95))-1 -> 0.13354885
B97: Seg. rev / avg assets (bp, ann.) | C97: =C90*(365/C$6)/(C23*1000)*10000 -> 30.635911 | D97: =D90*(365/D$6)/(D23*1000)*10000 -> 30.079388 | E97: =E90*(365/E$6)/(E23*1000)*10000 -> 30.571803 | F97: =F90*(365/F$6)/(F23*1000)*10000 -> 31.02337 | G97: =G90*(365/G$6)/(G23*1000)*10000 -> 31.881673 | H97: =H90*(365/H$6)/(H23*1000)*10000 -> 29.786648
B98: Change Q/Q (bp) | D98: =IF(OR(D97="",C97=""),"",D97-C97) -> -0.55652289 | F98: =IF(OR(F97="",D97=""),"",F97-D97) -> 0.94398152 | G98: =IF(OR(G97="",F97=""),"",G97-F97) -> 0.85830318 | H98: =IF(OR(H97="",G97=""),"",H97-G97) -> -2.0950252
B99: Change Y/Y (bp) | H99: =IF(OR(H97="",C97=""),"",H97-C97) -> -0.84926343
B101: Segment expenses excluding interest ($m) — 3Q26E = company line × segment share
B102: Seg. share: comp & benefits | C102: =C105/'Income Statement'!C32 -> 0.77676951 | D102: =D105/'Income Statement'!D32 -> 0.77607362 | E102: =E105/'Income Statement'!E32 -> 0.77414882 | F102: =F105/'Income Statement'!F32 -> 0.77207506 | G102: =G105/'Income Statement'!G32 -> 0.78156425 | H102: =G102 -> 0.78156425
B103: Change Q/Q (bp) | D103: =IF(OR(D102="",C102=""),"",(D102-C102)*10000) -> -6.9589035 | F103: =IF(OR(F102="",D102=""),"",(F102-D102)*10000) -> -39.985644 | G103: =IF(OR(G102="",F102=""),"",(G102-F102)*10000) -> 94.891906 | H103: =IF(OR(H102="",G102=""),"",(H102-G102)*10000) -> 0
B104: Change Y/Y (bp) | H104: =IF(OR(H102="",C102=""),"",(H102-C102)*10000) -> 47.947358
...

Sheet Segment - Advisor Services
B1: The Charles Schwab Corporation (NYSE: SCHW)
B2: Segment — Advisor Services
B3: $ millions, except per share
B4: Period | C4: 3Q25A | D4: 4Q25A | E4: FY25A | F4: 1Q26A | G4: 2Q26A | H4: 3Q26E
B5: Period end | C5: =DATE(2025,9,30) -> 45930 | D5: =DATE(2025,12,31) -> 46022 | E5: =DATE(2025,12,31) -> 46022 | F5: =DATE(2026,3,31) -> 46112 | G5: =DATE(2026,6,30) -> 46203 | H5: =DATE(2026,9,30) -> 46295
B6: Days in period | C6: =C5-DATE(2025,6,30) -> 92 | D6: =D5-C5 -> 92 | E6: =E5-DATE(2024,12,31) -> 365 | F6: =F5-D5 -> 90 | G6: =G5-F5 -> 91 | H6: =H5-G5 -> 92
B9: Segment client assets ladder ($bn)
B10: Segment client assets, opening | C10: =Inputs!E184 -> 4687.4 | D10: =C20 -> 5016.7 | E10: =Inputs!E183 -> 4379.7 | F10: =D20 -> 5195.5 | G10: =F20 -> 5201.5 | H10: =G20 -> 5741.9
B11: Segment NNA | C11: 81.7 | D11: 97.8 | E11: =Inputs!C177+C11+D11 -> 284.8 | F11: 85.8 | G11: 80.2 | H11: ='Revenue summary'!H447-'Segment - Investor Services'!H11 -> 122.724
B12: % Y/Y change | H12: =IF(OR(H11="",C11=""),"",IF(C11=0,"n/m",H11/C11-1)) -> 0.50212974
B13: Q/Q change (abs) | D13: =IF(OR(D11="",C11=""),"",D11-C11) -> 16.1 | F13: =IF(OR(F11="",D11=""),"",F11-D11) -> -12 | G13: =IF(OR(G11="",F11=""),"",G11-F11) -> -5.6 | H13: =IF(OR(H11="",G11=""),"",H11-G11) -> 42.524
B14: Seg. share: NNA | C14: =C11/'Revenue summary'!C447 -> 0.6078869 | D14: =D11/'Revenue summary'!D447 -> 0.6182048 | E14: =E11/'Revenue summary'!E447 -> 0.57119936 | F14: =F11/'Revenue summary'!F447 -> 0.61329521 | G14: =G11/'Revenue summary'!G447 -> 0.67565291 | H14: =H11/'Revenue summary'!H447 -> 0.63
B15: Change Q/Q (bp) | D15: =IF(OR(D14="",C14=""),"",(D14-C14)*10000) -> 103.17899 | F15: =IF(OR(F14="",D14=""),"",(F14-D14)*10000) -> -49.095932 | G15: =IF(OR(G14="",F14=""),"",(G14-F14)*10000) -> 623.57696 | H15: =IF(OR(H14="",G14=""),"",(H14-G14)*10000) -> -456.52906
B16: Change Y/Y (bp) | H16: =IF(OR(H14="",C14=""),"",(H14-C14)*10000) -> 221.13095
B17: Segment market gains (derived) | C17: =C20-C10-C11 -> 247.6 | D17: =D20-D10-D11 -> 81 | E17: =E20-E10-E11 -> 531 | F17: =F20-F10-F11 -> -79.8 | G17: =G20-G10-G11 -> 460.2 | H17: ='Revenue summary'!H453*H10/'Revenue summary'!H446 -> 72.536746
B18: % Y/Y change | H18: =IF(OR(H17="",C17=""),"",IF(C17=0,"n/m",H17/C17-1)) -> -0.70704061
B19: Q/Q change (abs) | D19: =IF(OR(D17="",C17=""),"",D17-C17) -> -166.6 | F19: =IF(OR(F17="",D17=""),"",F17-D17) -> -160.8 | G19: =IF(OR(G17="",F17=""),"",G17-F17) -> 540 | H19: =IF(OR(H17="",G17=""),"",H17-G17) -> -387.66325
B20: Segment client assets, closing | C20: 5016.7 | D20: 5195.5 | E20: =D20 -> 5195.5 | F20: 5201.5 | G20: 5741.9 | H20: =H10+H11+H17 -> 5937.1607
B21: % Y/Y change | H21: =IF(OR(H20="",C20=""),"",IF(C20=0,"n/m",H20/C20-1)) -> 0.18347933
B22: Q/Q change (abs) | D22: =IF(OR(D20="",C20=""),"",D20-C20) -> 178.8 | F22: =IF(OR(F20="",D20=""),"",F20-D20) -> 6 | G22: =IF(OR(G20="",F20=""),"",G20-F20) -> 540.4 | H22: =IF(OR(H20="",G20=""),"",H20-G20) -> 195.26075
B23: Segment client assets, average | C23: =AVERAGE(C10,C20) -> 4852.05 | D23: =AVERAGE(D10,D20) -> 5106.1 | E23: =AVERAGE(E10,E20) -> 4787.6 | F23: =AVERAGE(F10,F20) -> 5198.5 | G23: =AVERAGE(G10,G20) -> 5471.7 | H23: =AVERAGE(H10,H20) -> 5839.5304 | I23: FY25 column = two-point (Dec-24/Dec-25) average proxy; FY ratio E91 is approximate.
B24: % Y/Y change | H24: =IF(OR(H23="",C23=""),"",IF(C23=0,"n/m",H23/C23-1)) -> 0.20351818
B25: Q/Q change (abs) | D25: =IF(OR(D23="",C23=""),"",D23-C23) -> 254.05 | F25: =IF(OR(F23="",D23=""),"",F23-D23) -> 92.4 | G25: =IF(OR(G23="",F23=""),"",G23-F23) -> 273.2 | H25: =IF(OR(H23="",G23=""),"",H23-G23) -> 367.83037
B26: Seg. % of company assets | C26: =C20/'Revenue summary'!C459 -> 0.43270168 | D26: =D20/'Revenue summary'!D459 -> 0.4364866 | E26: =E20/'Revenue summary'!E459 -> 0.4364866 | F26: =F20/'Revenue summary'!F459 -> 0.44200749 | G26: =G20/'Revenue summary'!G459 -> 0.43881879 | H26: =H20/'Revenue summary'!H459 -> 0.44158875
B27: Change Q/Q (bp) | D27: =IF(OR(D26="",C26=""),"",(D26-C26)*10000) -> 37.849207 | F27: =IF(OR(F26="",D26=""),"",(F26-D26)*10000) -> 55.208949 | G27: =IF(OR(G26="",F26=""),"",(G26-F26)*10000) -> -31.887038 | H27: =IF(OR(H26="",G26=""),"",(H26-G26)*10000) -> 27.699591
B28: Change Y/Y (bp) | H28: =IF(OR(H26="",C26=""),"",(H26-C26)*10000) -> 88.870708
B29: Seg. organic growth (ann.) | C29: =C11*(365/C$6)/C10 -> 0.069150461 | D29: =D11*(365/D$6)/D10 -> 0.077343845 | E29: =E11*(365/E$6)/E10 -> 0.065027285 | F29: =F11*(365/F$6)/F10 -> 0.066974625 | G29: =G11*(365/G$6)/G10 -> 0.061843952 | H29: =H11*(365/H$6)/H10 -> 0.084796693
B30: Change Q/Q (bp) | D30: =IF(OR(D29="",C29=""),"",(D29-C29)*10000) -> 81.933848 | F30: =IF(OR(F29="",D29=""),"",(F29-D29)*10000) -> -103.6922 | G30: =IF(OR(G29="",F29=""),"",(G29-F29)*10000) -> -51.30673 | H30: =IF(OR(H29="",G29=""),"",(H29-G29)*10000) -> 229.5274
B31: Change Y/Y (bp) | H31: =IF(OR(H29="",C29=""),"",(H29-C29)*10000) -> 156.46232
B33: Segment net revenues by line ($m) — 3Q26E = company line × segment share
B34: Seg. share: NII | C34: =C37/'Revenue summary'!C227 -> 0.2052459 | D34: =D37/'Revenue summary'!D227 -> 0.2112232 | E34: =E37/'Revenue summary'!E227 -> 0.20612766 | F34: =F37/'Revenue summary'!F227 -> 0.22868957 | G34: =G37/'Revenue summary'!G227 -> 0.23294608 | H34: =1-'Segment - Investor Services'!H40 -> 0.237
B35: Change Q/Q (bp) | D35: =IF(OR(D34="",C34=""),"",(D34-C34)*10000) -> 59.773014 | F35: =IF(OR(F34="",D34=""),"",(F34-D34)*10000) -> 174.66364 | G35: =IF(OR(G34="",F34=""),"",(G34-F34)*10000) -> 42.565154 | H35: =IF(OR(H34="",G34=""),"",(H34-G34)*10000) -> 40.539172
B36: Change Y/Y (bp) | H36: =IF(OR(H34="",C34=""),"",(H34-C34)*10000) -> 317.54098
B37: Net interest revenue | C37: 626 | D37: =Inputs!D161-Inputs!C161-C37 -> 670 | E37: =Inputs!C161+C37+D37 -> 2422 | F37: 719 | G37: 782 | H37: ='Revenue summary'!H227*H34 -> 826.07864
B38: % Y/Y | H38: =IF(OR(H37="",C37=""),"",IF(C37=0,"n/m",H37/C37-1)) -> 0.31961444
B39: % Q/Q | D39: =IF(OR(D37="",C37=""),"",IF(C37=0,"n/m",D37/C37-1)) -> 0.07028754 | F39: =IF(OR(F37="",D37=""),"",IF(D37=0,"n/m",F37/D37-1)) -> 0.073134328 | G39: =IF(OR(G37="",F37=""),"",IF(F37=0,"n/m",G37/F37-1)) -> 0.087621697 | H39: =IF(OR(H37="",G37=""),"",IF(G37=0,"n/m",H37/G37-1)) -> 0.056366543
B40: Total growth Y/Y | H40: =IF(C37=0,"n/m",H37/C37-1) -> 0.31961444
B41: M&A / scope contribution | H41: 0
B42: FX impact | H42: 0
B43: Organic growth | H43: =(1+H40)/((1+H41)*(1+H42))-1 -> 0.31961444
B44: Seg. share: AMA fees | C44: =C47/'Revenue summary'!C344 -> 0.27017334 | D44: =D47/'Revenue summary'!D344 -> 0.26312752 | E44: =E47/'Revenue summary'!E344 -> 0.26898248 | F44: =F47/'Revenue summary'!F344 -> 0.26435475 | G44: =G47/'Revenue summary'!G344 -> 0.26082192 | H44: =1-'Segment - Investor Services'!H50 -> 0.26
B45: Change Q/Q (bp) | D45: =IF(OR(D44="",C44=""),"",(D44-C44)*10000) -> -70.458168 | F45: =IF(OR(F44="",D44=""),"",(F44-D44)*10000) -> 12.272225 | G45: =IF(OR(G44="",F44=""),"",(G44-F44)*10000) -> -35.328292 | H45: =IF(OR(H44="",G44=""),"",(H44-G44)*10000) -> -8.2191781
B46: Change Y/Y (bp) | H46: =IF(OR(H44="",C44=""),"",(H44-C44)*10000) -> -101.73341
B47: Asset mgmt & admin fees | C47: 452 | D47: =Inputs!D162-Inputs!C162-C47 -> 456 | E47: =Inputs!C162+C47+D47 -> 1750 | F47: 465 | G47: 476 | H47: ='Revenue summary'!H344*H44 -> 494.79822
B48: % Y/Y | H48: =IF(OR(H47="",C47=""),"",IF(C47=0,"n/m",H47/C47-1)) -> 0.094686336
B49: % Q/Q | D49: =IF(OR(D47="",C47=""),"",IF(C47=0,"n/m",D47/C47-1)) -> 0.0088495575 | F49: =IF(OR(F47="",D47=""),"",IF(D47=0,"n/m",F47/D47-1)) -> 0.019736842 | G49: =IF(OR(G47="",F47=""),"",IF(F47=0,"n/m",G47/F47-1)) -> 0.023655914 | H49: =IF(OR(H47="",G47=""),"",IF(G47=0,"n/m",H47/G47-1)) -> 0.039492067
B50: Total growth Y/Y | H50: =IF(C47=0,"n/m",H47/C47-1) -> 0.094686336
B51: M&A / scope contribution | H51: 0
B52: FX impact | H52: 0
B53: Organic growth | H53: =(1+H50)/((1+H51)*(1+H52))-1 -> 0.094686336
B54: Seg. share: trading revenue | C54: =C57/'Revenue summary'!C377 -> 0.089447236 | D54: =D57/'Revenue summary'!D377 -> 0.097560976 | E54: =E57/'Revenue summary'!E377 -> 0.10099464 | F54: =F57/'Revenue summary'!F377 -> 0.10009183 | G54: =G57/'Revenue summary'!G377 -> 0.10534979 | H54: =1-'Segment - Investor Services'!H60 -> 0.105
B55: Change Q/Q (bp) | D55: =IF(OR(D54="",C54=""),"",(D54-C54)*10000) -> 81.137394 | F55: =IF(OR(F54="",D54=""),"",(F54-D54)*10000) -> 25.308518 | G55: =IF(OR(G54="",F54=""),"",(G54-F54)*10000) -> 52.579669 | H55: =IF(OR(H54="",G54=""),"",(H54-G54)*10000) -> -3.4979424
B56: Change Y/Y (bp) | H56: =IF(OR(H54="",C54=""),"",(H54-C54)*10000) -> 155.52764
B57: Trading revenue | C57: 89 | D57: =Inputs!D163-Inputs!C163-C57 -> 104 | E57: =Inputs!C163+C57+D57 -> 396 | F57: 109 | G57: 128 | H57: ='Revenue summary'!H377*H54 -> 124.51222
B58: % Y/Y | H58: =IF(OR(H57="",C57=""),"",IF(C57=0,"n/m",H57/C57-1)) -> 0.3990137
B59: % Q/Q | D59: =IF(OR(D57="",C57=""),"",IF(C57=0,"n/m",D57/C57-1)) -> 0.16853933 | F59: =IF(OR(F57="",D57=""),"",IF(D57=0,"n/m",F57/D57-1)) -> 0.048076923 | G59: =IF(OR(G57="",F57=""),"",IF(F57=0,"n/m",G57/F57-1)) -> 0.17431193 | H59: =IF(OR(H57="",G57=""),"",IF(G57=0,"n/m",H57/G57-1)) -> -0.027248287
B60: Total growth Y/Y | H60: =IF(C57=0,"n/m",H57/C57-1) -> 0.3990137
B61: M&A / scope contribution | H61: 0
B62: FX impact | H62: 0
B63: Organic growth | H63: =(1+H60)/((1+H61)*(1+H62))-1 -> 0.3990137
B64: Seg. share: BDA fees | C64: =C67/'Revenue summary'!C396 -> 0.20647773 | D64: =D67/'Revenue summary'!D396 -> 0.22268908 | E64: =E67/'Revenue summary'!E396 -> 0.21596725 | F64: =F67/'Revenue summary'!F396 -> 0.23389831 | G64: =G67/'Revenue summary'!G396 -> 0.22822823 | H64: =1-'Segment - Investor Services'!H70 -> 0.23
B65: Change Q/Q (bp) | D65: =IF(OR(D64="",C64=""),"",(D64-C64)*10000) -> 162.11343 | F65: =IF(OR(F64="",D64=""),"",(F64-D64)*10000) -> 112.09229 | G65: =IF(OR(G64="",F64=""),"",(G64-F64)*10000) -> -56.700769 | H65: =IF(OR(H64="",G64=""),"",(H64-G64)*10000) -> 17.717718
B66: Change Y/Y (bp) | H66: =IF(OR(H64="",C64=""),"",(H64-C64)*10000) -> 235.22267
B67: Bank deposit account fees | C67: 51 | D67: =Inputs!D164-Inputs!C164-C67 -> 53 | E67: =Inputs!C164+C67+D67 -> 211 | F67: 69 | G67: 76 | H67: ='Revenue summary'!H396*H64 -> 79.583309
B68: % Y/Y | H68: =IF(OR(H67="",C67=""),"",IF(C67=0,"n/m",H67/C67-1)) -> 0.56045703
B69: % Q/Q | D69: =IF(OR(D67="",C67=""),"",IF(C67=0,"n/m",D67/C67-1)) -> 0.039215686 | F69: =IF(OR(F67="",D67=""),"",IF(D67=0,"n/m",F67/D67-1)) -> 0.30188679 | G69: =IF(OR(G67="",F67=""),"",IF(F67=0,"n/m",G67/F67-1)) -> 0.10144928 | H69: =IF(OR(H67="",G67=""),"",IF(G67=0,"n/m",H67/G67-1)) -> 0.047148798
B70: Total growth Y/Y | H70: =IF(C67=0,"n/m",H67/C67-1) -> 0.56045703
B71: M&A / scope contribution | H71: 0
B72: FX impact | H72: 0
B73: Organic growth | H73: =(1+H70)/((1+H71)*(1+H72))-1 -> 0.56045703
B74: Seg. share: other revenue | C74: =C77/'Revenue summary'!C419 -> 0.2 | D74: =D77/'Revenue summary'!D419 -> 0.13385827 | E74: =E77/'Revenue summary'!E419 -> 0.18644068 | F74: =F77/'Revenue summary'!F419 -> 0.22051282 | G74: =G77/'Revenue summary'!G419 -> 0.23976608 | H74: =1-'Segment - Investor Services'!H80 -> 0.22
B75: Change Q/Q (bp) | D75: =IF(OR(D74="",C74=""),"",(D74-C74)*10000) -> -661.41732 | F75: =IF(OR(F74="",D74=""),"",(F74-D74)*10000) -> 866.54553 | G75: =IF(OR(G74="",F74=""),"",(G74-F74)*10000) -> 192.53261 | H75: =IF(OR(H74="",G74=""),"",(H74-G74)*10000) -> -197.66082
B76: Change Y/Y (bp) | H76: =IF(OR(H74="",C74=""),"",(H74-C74)*10000) -> 200
B77: Other revenue | C77: 34 | D77: =Inputs!D165-Inputs!C165-C77 -> 17 | E77: =Inputs!C165+C77+D77 -> 143 | F77: 43 | G77: 82 | H77: ='Revenue summary'!H419*H74 -> 50.6
B78: % Y/Y | H78: =IF(OR(H77="",C77=""),"",IF(C77=0,"n/m",H77/C77-1)) -> 0.48823529
B79: % Q/Q | D79: =IF(OR(D77="",C77=""),"",IF(C77=0,"n/m",D77/C77-1)) -> -0.5 | F79: =IF(OR(F77="",D77=""),"",IF(D77=0,"n/m",F77/D77-1)) -> 1.5294118 | G79: =IF(OR(G77="",F77=""),"",IF(F77=0,"n/m",G77/F77-1)) -> 0.90697674 | H79: =IF(OR(H77="",G77=""),"",IF(G77=0,"n/m",H77/G77-1)) -> -0.38292683
B80: Total growth Y/Y | H80: =IF(C77=0,"n/m",H77/C77-1) -> 0.48823529
B81: M&A / scope contribution | H81: ='Revenue summary'!H405*H74/C77 -> 0.29117647 | I81: Forge scope × AS other-revenue share (H74), consistent with the segment revenue build (was hard-coded 0).
B82: FX impact | H82: 0
B83: Organic growth | H83: =(1+H80)/((1+H81)*(1+H82))-1 -> 0.15261959
B84: Segment total net revenues | C84: =C37+C47+C57+C67+C77 -> 1252 | D84: =D37+D47+D57+D67+D77 -> 1300 | E84: =E37+E47+E57+E67+E77 -> 4922 | F84: =F37+F47+F57+F67+F77 -> 1405 | G84: =G37+G47+G57+G67+G77 -> 1544 | H84: =H37+H47+H57+H67+H77 -> 1575.5724
B85: % Y/Y | H85: =IF(OR(H84="",C84=""),"",IF(C84=0,"n/m",H84/C84-1)) -> 0.2584444
B86: % Q/Q | D86: =IF(OR(D84="",C84=""),"",IF(C84=0,"n/m",D84/C84-1)) -> 0.038338658 | F86: =IF(OR(F84="",D84=""),"",IF(D84=0,"n/m",F84/D84-1)) -> 0.080769231 | G86: =IF(OR(G84="",F84=""),"",IF(F84=0,"n/m",G84/F84-1)) -> 0.098932384 | H86: =IF(OR(H84="",G84=""),"",IF(G84=0,"n/m",H84/G84-1)) -> 0.020448438
B87: Total growth Y/Y | H87: =IF(C84=0,"n/m",H84/C84-1) -> 0.2584444
B88: M&A / scope contribution | H88: ='Revenue summary'!H405*H74/C84 -> 0.0079073482
B89: FX impact | H89: 0
B90: Organic growth | H90: =(1+H87)/((1+H88)*(1+H89))-1 -> 0.24857151
B91: Seg. rev / avg assets (bp, ann.) | C91: =C84*(365/C$6)/(C23*1000)*10000 -> 10.237269 | D91: =D84*(365/D$6)/(D23*1000)*10000 -> 10.100877 | E91: =E84*(365/E$6)/(E23*1000)*10000 -> 10.280725 | F91: =F84*(365/F$6)/(F23*1000)*10000 -> 10.960961 | G91: =G84*(365/G$6)/(G23*1000)*10000 -> 11.318177 | H91: =H84*(365/H$6)/(H23*1000)*10000 -> 10.704478
B92: Change Q/Q (bp) | D92: =IF(OR(D91="",C91=""),"",D91-C91) -> -0.13639182 | F92: =IF(OR(F91="",D91=""),"",F91-D91) -> 0.86008418 | G92: =IF(OR(G91="",F91=""),"",G91-F91) -> 0.35721627 | H92: =IF(OR(H91="",G91=""),"",H91-G91) -> -0.61369965
B93: Change Y/Y (bp) | H93: =IF(OR(H91="",C91=""),"",H91-C91) -> 0.46720897
B95: Segment expenses excluding interest ($m) — 3Q26E = company line × segment share
B96: Seg. share: comp & benefits | C96: =C99/'Income Statement'!C32 -> 0.22323049 | D96: =D99/'Income Statement'!D32 -> 0.22392638 | E96: =E99/'Income Statement'!E32 -> 0.22585118 | F96: =F99/'Income Statement'!F32 -> 0.22792494 | G96: =G99/'Income Statement'!G32 -> 0.21843575 | H96: =1-'Segment - Investor Services'!H102 -> 0.21843575
B97: Change Q/Q (bp) | D97: =IF(OR(D96="",C96=""),"",(D96-C96)*10000) -> 6.9589035 | F97: =IF(OR(F96="",D96=""),"",(F96-D96)*10000) -> 39.985644 | G97: =IF(OR(G96="",F96=""),"",(G96-F96)*10000) -> -94.891906 | H97: =IF(OR(H96="",G96=""),"",(H96-G96)*10000) -> 0
B98: Change Y/Y (bp) | H98: =IF(OR(H96="",C96=""),"",(H96-C96)*10000) -> -47.947358
B99: Compensation & benefits | C99: 369 | D99: =Inputs!D166-Inputs!C166-C99 -> 365 | E99: =Inputs!C166+C99+D99 -> 1466 | F99: 413 | G99: 391 | H99: ='Income Statement'!H32*H96 -> 396.46089
B100: % Q/Q | D100: =IF(OR(D99="",C99=""),"",IF(C99=0,"n/m",D99/C99-1)) -> -0.010840108 | F100: =IF(OR(F99="",D99=""),"",IF(D99=0,"n/m",F99/D99-1)) -> 0.13150685 | G100: =IF(OR(G99="",F99=""),"",IF(F99=0,"n/m",G99/F99-1)) -> -0.053268765 | H100: =IF(OR(H99="",G99=""),"",IF(G99=0,"n/m",H99/G99-1)) -> 0.01396648
B101: Seg. share: prof. services | C101: =C104/'Income Statement'!C34 -> 0.19795222 | D101: =D104/'Income Statement'!D34 -> 0.20639535 | E101: =E104/'Income Statement'!E34 -> 0.20384294 | F101: =F104/'Income Statement'!F34 -> 0.17821782 | G101: =G104/'Income Statement'!G34 -> 0.18892508 | H101: =1-'Segment - Investor Services'!H107 -> 0.18892508
B102: Change Q/Q (bp) | D102: =IF(OR(D101="",C101=""),"",(D101-C101)*10000) -> 84.431304 | F102: =IF(OR(F101="",D101=""),"",(F101-D101)*10000) -> -281.77527 | G102: =IF(OR(G101="",F101=""),"",(G101-F101)*10000) -> 107.0726 | H102: =IF(OR(H101="",G101=""),"",(H101-G101)*10000) -> 0
B103: Change Y/Y (bp) | H103: =IF(OR(H101="",C101=""),"",(H101-C101)*10000) -> -90.27137
B104: Professional services | C104: 58 | D104: =Inputs!D167-Inputs!C167-C104 -> 71 | E104: =Inputs!C167+C104+D104 -> 244 | F104: 54 | G104: 58 | H104: ='Income Statement'!H34*H101 -> 60.833876
...

Sheet Income Statement
B1: The Charles Schwab Corporation (NYSE: SCHW)
B2: Income Statement
B3: $ millions, except per share
B4: Period | C4: 3Q25A | D4: 4Q25A | E4: FY25A | F4: 1Q26A | G4: 2Q26A | H4: 3Q26E
B5: Period end | C5: =DATE(2025,9,30) -> 45930 | D5: =DATE(2025,12,31) -> 46022 | E5: =DATE(2025,12,31) -> 46022 | F5: =DATE(2026,3,31) -> 46112 | G5: =DATE(2026,6,30) -> 46203 | H5: =DATE(2026,9,30) -> 46295
B6: Days in period | C6: =C5-DATE(2025,6,30) -> 92 | D6: =D5-C5 -> 92 | E6: =E5-DATE(2024,12,31) -> 365 | F6: =F5-D5 -> 90 | G6: =G5-F5 -> 91 | H6: =H5-G5 -> 92
B9: Net revenues
B10: Interest revenue | C10: ='Revenue summary'!C145 -> 3956 | D10: ='Revenue summary'!D145 -> 4004 | E10: ='Revenue summary'!E145 -> 15504 | F10: ='Revenue summary'!F145 -> 3962 | G10: ='Revenue summary'!G145 -> 4432 | H10: ='Revenue summary'!H145 -> 4847.8395
B11: Interest expense | C11: =-'Revenue summary'!C224 -> -906 | D11: =-'Revenue summary'!D224 -> -832 | E11: =-'Revenue summary'!E224 -> -3754 | F11: =-'Revenue summary'!F224 -> -818 | G11: =-'Revenue summary'!G224 -> -1075 | H11: =-'Revenue summary'!H224 -> -1362.2756
B12: Net interest revenue | C12: =C10+C11 -> 3050 | D12: =D10+D11 -> 3172 | E12: =E10+E11 -> 11750 | F12: =F10+F11 -> 3144 | G12: =G10+G11 -> 3357 | H12: =H10+H11 -> 3485.5639
B13: % Y/Y | H13: =IF(OR(H12="",C12=""),"",IF(C12=0,"n/m",H12/C12-1)) -> 0.14280783
B14: % Q/Q | D14: =IF(OR(D12="",C12=""),"",IF(C12=0,"n/m",D12/C12-1)) -> 0.04 | F14: =IF(OR(F12="",D12=""),"",IF(D12=0,"n/m",F12/D12-1)) -> -0.0088272383 | G14: =IF(OR(G12="",F12=""),"",IF(F12=0,"n/m",G12/F12-1)) -> 0.067748092 | H14: =IF(OR(H12="",G12=""),"",IF(G12=0,"n/m",H12/G12-1)) -> 0.03829725
B15: Asset mgmt & admin fees | C15: ='Revenue summary'!C344 -> 1673 | D15: ='Revenue summary'!D344 -> 1733 | E15: ='Revenue summary'!E344 -> 6506 | F15: ='Revenue summary'!F344 -> 1759 | G15: ='Revenue summary'!G344 -> 1825 | H15: ='Revenue summary'!H344 -> 1903.0701
B16: % Y/Y | H16: =IF(OR(H15="",C15=""),"",IF(C15=0,"n/m",H15/C15-1)) -> 0.13751948
B17: % Q/Q | D17: =IF(OR(D15="",C15=""),"",IF(C15=0,"n/m",D15/C15-1)) -> 0.035863718 | F17: =IF(OR(F15="",D15=""),"",IF(D15=0,"n/m",F15/D15-1)) -> 0.015002885 | G17: =IF(OR(G15="",F15=""),"",IF(F15=0,"n/m",G15/F15-1)) -> 0.037521319 | H17: =IF(OR(H15="",G15=""),"",IF(G15=0,"n/m",H15/G15-1)) -> 0.042778133
B18: Trading revenue | C18: ='Revenue summary'!C377 -> 995 | D18: ='Revenue summary'!D377 -> 1066 | E18: ='Revenue summary'!E377 -> 3921 | F18: ='Revenue summary'!F377 -> 1089 | G18: ='Revenue summary'!G377 -> 1215 | H18: ='Revenue summary'!H377 -> 1185.8307
B19: % Y/Y | H19: =IF(OR(H18="",C18=""),"",IF(C18=0,"n/m",H18/C18-1)) -> 0.19178961
B20: % Q/Q | D20: =IF(OR(D18="",C18=""),"",IF(C18=0,"n/m",D18/C18-1)) -> 0.071356784 | F20: =IF(OR(F18="",D18=""),"",IF(D18=0,"n/m",F18/D18-1)) -> 0.021575985 | G20: =IF(OR(G18="",F18=""),"",IF(F18=0,"n/m",G18/F18-1)) -> 0.11570248 | H20: =IF(OR(H18="",G18=""),"",IF(G18=0,"n/m",H18/G18-1)) -> -0.024007687
B21: Bank deposit account fees | C21: ='Revenue summary'!C396 -> 247 | D21: ='Revenue summary'!D396 -> 238 | E21: ='Revenue summary'!E396 -> 977 | F21: ='Revenue summary'!F396 -> 295 | G21: ='Revenue summary'!G396 -> 333 | H21: ='Revenue summary'!H396 -> 346.01439
B22: % Y/Y | H22: =IF(OR(H21="",C21=""),"",IF(C21=0,"n/m",H21/C21-1)) -> 0.40086796
B23: % Q/Q | D23: =IF(OR(D21="",C21=""),"",IF(C21=0,"n/m",D21/C21-1)) -> -0.036437247 | F23: =IF(OR(F21="",D21=""),"",IF(D21=0,"n/m",F21/D21-1)) -> 0.2394958 | G23: =IF(OR(G21="",F21=""),"",IF(F21=0,"n/m",G21/F21-1)) -> 0.12881356 | H23: =IF(OR(H21="",G21=""),"",IF(G21=0,"n/m",H21/G21-1)) -> 0.039082239
B24: Other | C24: ='Revenue summary'!C419 -> 170 | D24: ='Revenue summary'!D419 -> 127 | E24: ='Revenue summary'!E419 -> 767 | F24: ='Revenue summary'!F419 -> 195 | G24: ='Revenue summary'!G419 -> 342 | H24: ='Revenue summary'!H419 -> 230
B25: % Y/Y | H25: =IF(OR(H24="",C24=""),"",IF(C24=0,"n/m",H24/C24-1)) -> 0.35294118
B26: % Q/Q | D26: =IF(OR(D24="",C24=""),"",IF(C24=0,"n/m",D24/C24-1)) -> -0.25294118 | F26: =IF(OR(F24="",D24=""),"",IF(D24=0,"n/m",F24/D24-1)) -> 0.53543307 | G26: =IF(OR(G24="",F24=""),"",IF(F24=0,"n/m",G24/F24-1)) -> 0.75384615 | H26: =IF(OR(H24="",G24=""),"",IF(G24=0,"n/m",H24/G24-1)) -> -0.32748538
B27: Total net revenues | C27: =C12+C15+C18+C21+C24 -> 6135 | D27: =D12+D15+D18+D21+D24 -> 6336 | E27: =E12+E15+E18+E21+E24 -> 23921 | F27: =F12+F15+F18+F21+F24 -> 6482 | G27: =G12+G15+G18+G21+G24 -> 7072 | H27: =H12+H15+H18+H21+H24 -> 7150.479
B28: % Y/Y | H28: =IF(OR(H27="",C27=""),"",IF(C27=0,"n/m",H27/C27-1)) -> 0.16552225
B29: % Q/Q | D29: =IF(OR(D27="",C27=""),"",IF(C27=0,"n/m",D27/C27-1)) -> 0.032762836 | F29: =IF(OR(F27="",D27=""),"",IF(D27=0,"n/m",F27/D27-1)) -> 0.023042929 | G29: =IF(OR(G27="",F27=""),"",IF(F27=0,"n/m",G27/F27-1)) -> 0.09102129 | H29: =IF(OR(H27="",G27=""),"",IF(G27=0,"n/m",H27/G27-1)) -> 0.011097144
B31: Expenses excluding interest
B32: Compensation & benefits | C32: 1653 | D32: 1630 | E32: =Inputs!C134+C32+D32 -> 6491 | F32: 1812 | G32: 1790 | H32: 1815
B33: % of total net revenues | C33: =C32/C27 -> 0.26943765 | D33: =D32/D27 -> 0.2572601 | E33: =E32/E27 -> 0.27135153 | F33: =F32/F27 -> 0.27954335 | G33: =G32/G27 -> 0.25311086 | H33: =H32/H27 -> 0.25382915
B34: Professional services | C34: 293 | D34: 344 | E34: =Inputs!C135+C34+D34 -> 1197 | F34: 303 | G34: 307 | H34: 322
B35: % of total net revenues | C35: =C34/C27 -> 0.047758761 | D35: =D34/D27 -> 0.054292929 | E35: =E34/E27 -> 0.050039714 | F35: =F34/F27 -> 0.046744832 | G35: =G34/G27 -> 0.043410633 | H35: =H34/H27 -> 0.045031948
B36: Occupancy & equipment | C36: 280 | D36: 293 | E36: =Inputs!C136+C36+D36 -> 1117 | F36: 285 | G36: 301 | H36: 315
B37: % of total net revenues | C37: =C36/C27 -> 0.045639772 | D37: =D36/D27 -> 0.046243687 | E37: =E36/E27 -> 0.046695372 | F37: =F36/F27 -> 0.043967911 | G37: =G36/G27 -> 0.042562217 | H37: =H36/H27 -> 0.044052993
B38: Advertising & mkt development | C38: 101 | D38: 115 | E38: =Inputs!C137+C38+D38 -> 420 | F38: 101 | G38: 111 | H38: 125
B39: % of total net revenues | C39: =C38/C27 -> 0.016462918 | D39: =D38/D27 -> 0.018150253 | E39: =E38/E27 -> 0.017557794 | F39: =F38/F27 -> 0.015581611 | G39: =G38/G27 -> 0.015695701 | H39: =H38/H27 -> 0.017481346
B40: Communications | C40: 149 | D40: 142 | E40: =Inputs!C138+C40+D40 -> 620 | F40: 163 | G40: 198 | H40: 175
B41: % of total net revenues | C41: =C40/C27 -> 0.024286879 | D41: =D40/D27 -> 0.022411616 | E41: =E40/E27 -> 0.025918649 | F41: =F40/F27 -> 0.02514656 | G41: =G40/G27 -> 0.027997738 | H41: =H40/H27 -> 0.024473885
B42: Depreciation & amortization | C42: 212 | D42: 206 | E42: =Inputs!C139+C42+D42 -> 850 | F42: 201 | G42: 198 | H42: 225
B43: % of total net revenues | C43: =C42/C27 -> 0.034555827 | D43: =D42/D27 -> 0.032512626 | E43: =E42/E27 -> 0.035533632 | F43: =F42/F27 -> 0.031008948 | G43: =G42/G27 -> 0.027997738 | H43: =H42/H27 -> 0.031466423
B44: Amort. of acquired intangibles | C44: 127 | D44: 127 | E44: =Inputs!C140+C44+D44 -> 512 | F44: 132 | G44: 142 | H44: 142
B45: % of total net revenues | C45: =C44/C27 -> 0.020700896 | D45: =D44/D27 -> 0.020044192 | E45: =E44/E27 -> 0.021403787 | F45: =F44/F27 -> 0.020364085 | G45: =G44/G27 -> 0.020079186 | H45: =H44/H27 -> 0.019858809
B46: Regulatory fees & assessments | C46: 59 | D46: 62 | E46: =Inputs!C141+C46+D46 -> 287 | F46: 75 | G46: 63 | H46: 65
B47: % of total net revenues | C47: =C46/C27 -> 0.0096169519 | D47: =D46/D27 -> 0.0097853535 | E47: =E46/E27 -> 0.011997826 | F47: =F46/F27 -> 0.011570503 | G47: =G46/G27 -> 0.008908371 | H47: =H46/H27 -> 0.0090903001
B48: Other expense | C48: 240 | D48: 237 | E48: =Inputs!C142+C48+D48 -> 968 | F48: 222 | G48: 293 | H48: 273
B49: % of total net revenues | C49: =C48/C27 -> 0.039119804 | D49: =D48/D27 -> 0.037405303 | E49: =E48/E27 -> 0.040466536 | F49: =F48/F27 -> 0.034248689 | G49: =G48/G27 -> 0.041430995 | H49: =H48/H27 -> 0.03817926
B50: Total expenses excluding interest | C50: =C32+C34+C36+C38+C40+C42+C44+C46+C48 -> 3114 | D50: =D32+D34+D36+D38+D40+D42+D44+D46+D48 -> 3156 | E50: =E32+E34+E36+E38+E40+E42+E44+E46+E48 -> 12462 | F50: =F32+F34+F36+F38+F40+F42+F44+F46+F48 -> 3294 | G50: =G32+G34+G36+G38+G40+G42+G44+G46+G48 -> 3403 | H50: =H32+H34+H36+H38+H40+H42+H44+H46+H48 -> 3457
B51: % Y/Y | H51: =IF(OR(H50="",C50=""),"",IF(C50=0,"n/m",H50/C50-1)) -> 0.11014772
B52: % Q/Q | D52: =IF(OR(D50="",C50=""),"",IF(C50=0,"n/m",D50/C50-1)) -> 0.013487476 | F52: =IF(OR(F50="",D50=""),"",IF(D50=0,"n/m",F50/D50-1)) -> 0.043726236 | G52: =IF(OR(G50="",F50=""),"",IF(F50=0,"n/m",G50/F50-1)) -> 0.033090468 | H52: =IF(OR(H50="",G50=""),"",IF(G50=0,"n/m",H50/G50-1)) -> 0.015868351
B53: Income before taxes on income | C53: =C27-C50 -> 3021 | D53: =D27-D50 -> 3180 | E53: =E27-E50 -> 11459 | F53: =F27-F50 -> 3188 | G53: =G27-G50 -> 3669 | H53: =H27-H50 -> 3693.479
B54: % Y/Y | H54: =IF(OR(H53="",C53=""),"",IF(C53=0,"n/m",H53/C53-1)) -> 0.22260146
B55: % Q/Q | D55: =IF(OR(D53="",C53=""),"",IF(C53=0,"n/m",D53/C53-1)) -> 0.052631579 | F55: =IF(OR(F53="",D53=""),"",IF(D53=0,"n/m",F53/D53-1)) -> 0.0025157233 | G55: =IF(OR(G53="",F53=""),"",IF(F53=0,"n/m",G53/F53-1)) -> 0.15087829 | H55: =IF(OR(H53="",G53=""),"",IF(G53=0,"n/m",H53/G53-1)) -> 0.0066718465
B56: Pre-tax profit margin (GAAP) | C56: =C53/C27 -> 0.49242054 | D56: =D53/D27 -> 0.50189394 | E56: =E53/E27 -> 0.47903516 | F56: =F53/F27 -> 0.49182351 | G56: =G53/G27 -> 0.51880656 | H56: =H53/H27 -> 0.51653589
B57: Change Q/Q (bp) | D57: =IF(OR(D56="",C56=""),"",(D56-C56)*10000) -> 94.734015 | F57: =IF(OR(F56="",D56=""),"",(F56-D56)*10000) -> -100.70428 | G57: =IF(OR(G56="",F56=""),"",(G56-F56)*10000) -> 269.8305 | H57: =IF(OR(H56="",G56=""),"",(H56-G56)*10000) -> -22.706755
B58: Change Y/Y (bp) | H58: =IF(OR(H56="",C56=""),"",(H56-C56)*10000) -> 241.15348
B59: Taxes on income | C59: 663 | D59: 721 | E59: =Inputs!C143+C59+D59 -> 2607 | F59: 709 | G59: 869 | H59: =H53*H60 -> 845.80669
B60: Effective tax rate | C60: =C59/C53 -> 0.21946375 | D60: =D59/D53 -> 0.22672956 | E60: =E59/E53 -> 0.22750676 | F60: =F59/F53 -> 0.22239649 | G60: =G59/G53 -> 0.23684928 | H60: 0.229
B61: Change Q/Q (bp) | D61: =IF(OR(D60="",C60=""),"",(D60-C60)*10000) -> 72.65806 | F61: =IF(OR(F60="",D60=""),"",(F60-D60)*10000) -> -43.330729 | G61: =IF(OR(G60="",F60=""),"",(G60-F60)*10000) -> 144.52791 | H61: =IF(OR(H60="",G60=""),"",(H60-G60)*10000) -> -78.492777
B62: Change Y/Y (bp) | H62: =IF(OR(H60="",C60=""),"",(H60-C60)*10000) -> 95.362463
B63: Net income | C63: =C53-C59 -> 2358 | D63: =D53-D59 -> 2459 | E63: =E53-E59 -> 8852 | F63: =F53-F59 -> 2479 | G63: =G53-G59 -> 2800 | H63: =H53-H59 -> 2847.6723
B64: % Y/Y | H64: =IF(OR(H63="",C63=""),"",IF(C63=0,"n/m",H63/C63-1)) -> 0.20766425
B65: % Q/Q | D65: =IF(OR(D63="",C63=""),"",IF(C63=0,"n/m",D63/C63-1)) -> 0.042832909 | F65: =IF(OR(F63="",D63=""),"",IF(D63=0,"n/m",F63/D63-1)) -> 0.0081333876 | G65: =IF(OR(G63="",F63=""),"",IF(F63=0,"n/m",G63/F63-1)) -> 0.1294877 | H65: =IF(OR(H63="",G63=""),"",IF(G63=0,"n/m",H63/G63-1)) -> 0.017025826
B66: Net margin | C66: =C63/C27 -> 0.38435208 | D66: =D63/D27 -> 0.38809975 | E66: =E63/E27 -> 0.37005142 | F66: =F63/F27 -> 0.38244369 | G66: =G63/G27 -> 0.3959276 | H66: =H63/H27 -> 0.39824917
B67: Change Q/Q (bp) | D67: =IF(OR(D66="",C66=""),"",(D66-C66)*10000) -> 37.476692 | F67: =IF(OR(F66="",D66=""),"",(F66-D66)*10000) -> -56.560573 | G67: =IF(OR(G66="",F66=""),"",(G66-F66)*10000) -> 134.83912 | H67: =IF(OR(H66="",G66=""),"",(H66-G66)*10000) -> 23.215659
B68: Change Y/Y (bp) | H68: =IF(OR(H66="",C66=""),"",(H66-C66)*10000) -> 138.9709
B69: Preferred stock dividends and other | C69: 81 | D69: 92 | E69: =Inputs!C144+C69+D69 -> 435 | F69: 82 | G69: 119 | H69: 88
B70: Net income to common | C70: =C63-C69 -> 2277 | D70: =D63-D69 -> 2367 | E70: =E63-E69 -> 8417 | F70: =F63-F69 -> 2397 | G70: =G63-G69 -> 2681 | H70: =H63-H69 -> 2759.6723
B71: % Y/Y | H71: =IF(OR(H70="",C70=""),"",IF(C70=0,"n/m",H70/C70-1)) -> 0.2119773
B72: % Q/Q | D72: =IF(OR(D70="",C70=""),"",IF(C70=0,"n/m",D70/C70-1)) -> 0.039525692 | F72: =IF(OR(F70="",D70=""),"",IF(D70=0,"n/m",F70/D70-1)) -> 0.012674271 | G72: =IF(OR(G70="",F70=""),"",IF(F70=0,"n/m",G70/F70-1)) -> 0.11848144 | H72: =IF(OR(H70="",G70=""),"",IF(G70=0,"n/m",H70/G70-1)) -> 0.029344391
B74: Shares and GAAP EPS
B75: Weighted-average basic shares (m) | C75: ='Share Count'!C17 -> 1806 | D75: ='Share Count'!D17 -> 1772 | E75: ='Share Count'!E17 -> 1804 | F75: ='Share Count'!F17 -> 1746 | G75: ='Share Count'!G17 -> 1735 | H75: ='Share Count'!H17 -> 1726.1605
B76: Weighted-average diluted shares (m) | C76: ='Share Count'!C23 -> 1811 | D76: ='Share Count'!D23 -> 1777 | E76: ='Share Count'!E23 -> 1809 | F76: ='Share Count'!F23 -> 1752 | G76: ='Share Count'!G23 -> 1739 | H76: ='Share Count'!H23 -> 1730.6605
B77: Basic EPS (GAAP) | C77: =C70/C75 -> 1.2607973 | D77: =D70/D75 -> 1.3357788 | E77: =E70/E75 -> 4.6657428 | F77: =F70/F75 -> 1.3728522 | G77: =G70/G75 -> 1.545245 | H77: =H70/H75 -> 1.5987345
B78: Diluted EPS (GAAP) | C78: =C70/C76 -> 1.2573164 | D78: =D70/D76 -> 1.3320203 | E78: =E70/E76 -> 4.6528469 | F78: =F70/F76 -> 1.3681507 | G78: =G70/G76 -> 1.5416906 | H78: =H70/H76 -> 1.5945775
B79: % Y/Y | H79: =IF(OR(H78="",C78=""),"",IF(C78=0,"n/m",H78/C78-1)) -> 0.26823885
B80: % Q/Q | D80: =IF(OR(D78="",C78=""),"",IF(C78=0,"n/m",D78/C78-1)) -> 0.059415322 | F80: =IF(OR(F78="",D78=""),"",IF(D78=0,"n/m",F78/D78-1)) -> 0.027124532 | G80: =IF(OR(G78="",F78=""),"",IF(F78=0,"n/m",G78/F78-1)) -> 0.12684271 | H80: =IF(OR(H78="",G78=""),"",IF(G78=0,"n/m",H78/G78-1)) -> 0.034304467
B81: Chk: GAAP EPS − reported | C81: =ROUND(C78,2)-Inputs!C193 -> 0 | D81: =ROUND(D78,2)-Inputs!D193 -> 0 | E81: =ROUND(E78,2)-Inputs!E193 -> 0 | F81: =ROUND(F78,2)-Inputs!F193 -> 0 | G81: =ROUND(G78,2)-Inputs!G193 -> 0
B83: GAAP to non-GAAP (adjusted) bridge — consensus EPS basis (CapIQ normalized = Schwab adjusted)
B84: Net income to common (GAAP) | C84: =C70 -> 2277 | D84: =D70 -> 2367 | E84: =E70 -> 8417 | F84: =F70 -> 2397 | G84: =G70 -> 2681 | H84: =H70 -> 2759.6723
B85: + Amort. of acquired intangibles | C85: =C44 -> 127 | D85: =D44 -> 127 | E85: =E44 -> 512 | F85: =F44 -> 132 | G85: =G44 -> 142 | H85: =H44 -> 142
B86: + Acq./integration costs | C86: 0 | D86: 0 | E86: =Inputs!C145+C86+D86 -> 0 | F86: 11 | G86: 28 | H86: 15 | I86: 3Q26E $15m = original Forge integration assumption (B86 comment; 1Q26 $11m, 2Q26 $28m), retained. Embedding: preserved rationale places $12m in Compensation H32 (B32 comment: '+ $12m Forge integration comp') and builds GAAP expenses as adjusted $3,300m + $142m amortization + $15m (H107 = H50 − H85 − H86 − H87). The remaining $3m is not assigned to a specific GAAP line in preserved sources. Unresolved, non-material: if the $3m is not embedded, adj. EPS −$0.0013; if none of the $15m is embedded, −$0.0066 (1.6573). Not adjusted.
B87: + Restructuring costs | C87: 0 | D87: 0 | E87: 0 | F87: 0 | G87: 0 | H87: 0 | I87: FY25 restructuring = 0 per 4Q25 release (S10): 'There were no restructuring costs for the three and twelve months ended December 31, 2025.'
B88: − Income tax effects of adjustments | C88: -29 | D88: -30 | E88: =Inputs!C146+C88+D88 -> -122 | F88: -34 | G88: -40 | H88: =-(H85+H86+H87)*H89 -> -36.895
B89: Tax rate on adjustments | C89: =-C88/(C85+C86+C87) -> 0.22834646 | D89: =-D88/(D85+D86+D87) -> 0.23622047 | E89: =-E88/(E85+E86+E87) -> 0.23828125 | F89: =-F88/(F85+F86+F87) -> 0.23776224 | G89: =-G88/(G85+G86+G87) -> 0.23529412 | H89: 0.235
B90: Change Q/Q (bp) | D90: =IF(OR(D89="",C89=""),"",(D89-C89)*10000) -> 78.740157 | F90: =IF(OR(F89="",D89=""),"",(F89-D89)*10000) -> 15.417653 | G90: =IF(OR(G89="",F89=""),"",(G89-F89)*10000) -> -24.681201 | H90: =IF(OR(H89="",G89=""),"",(H89-G89)*10000) -> -2.9411765
B91: Change Y/Y (bp) | H91: =IF(OR(H89="",C89=""),"",(H89-C89)*10000) -> 66.535433
B92: Adj. net income to common | C92: =C84+C85+C86+C87+C88 -> 2375 | D92: =D84+D85+D86+D87+D88 -> 2464 | E92: =E84+E85+E86+E87+E88 -> 8807 | F92: =F84+F85+F86+F87+F88 -> 2506 | G92: =G84+G85+G86+G87+G88 -> 2811 | H92: =H84+H85+H86+H87+H88 -> 2879.7773
B93: % Y/Y | H93: =IF(OR(H92="",C92=""),"",IF(C92=0,"n/m",H92/C92-1)) -> 0.21253782
B94: % Q/Q | D94: =IF(OR(D92="",C92=""),"",IF(C92=0,"n/m",D92/C92-1)) -> 0.037473684 | F94: =IF(OR(F92="",D92=""),"",IF(D92=0,"n/m",F92/D92-1)) -> 0.017045455 | G94: =IF(OR(G92="",F92=""),"",IF(F92=0,"n/m",G92/F92-1)) -> 0.1217079 | H94: =IF(OR(H92="",G92=""),"",IF(G92=0,"n/m",H92/G92-1)) -> 0.024467205
B95: GAAP diluted EPS | C95: =C78 -> 1.2573164 | D95: =D78 -> 1.3320203 | E95: =E78 -> 4.6528469 | F95: =F78 -> 1.3681507 | G95: =G78 -> 1.5416906 | H95: =H78 -> 1.5945775
B96: + Amort. of intangibles / share | C96: =C85/C76 -> 0.070127002 | D96: =D85/D76 -> 0.071468768 | E96: =E85/E76 -> 0.2830293 | F96: =F85/F76 -> 0.075342466 | G96: =G85/G76 -> 0.081656124 | H96: =H85/H76 -> 0.082049599
B97: + Acq./restructuring / share | C97: =(C86+C87)/C76 -> 0 | D97: =(D86+D87)/D76 -> 0 | E97: =(E86+E87)/E76 -> 0 | F97: =(F86+F87)/F76 -> 0.0062785388 | G97: =(G86+G87)/G76 -> 0.016101208 | H97: =(H86+H87)/H76 -> 0.0086672111
B98: − Tax effects per share | C98: =C88/C76 -> -0.016013252 | D98: =D88/D76 -> -0.016882386 | E98: =E88/E76 -> -0.067440575 | F98: =F88/F76 -> -0.019406393 | G98: =G88/G76 -> -0.023001725 | H98: =H88/H76 -> -0.02131845
B99: Adj. diluted EPS (consensus basis) | C99: =C92/C76 -> 1.3114301 | D99: =D92/D76 -> 1.3866066 | E99: =E92/E76 -> 4.8684356 | F99: =F92/F76 -> 1.4303653 | G99: =G92/G76 -> 1.6164462 | H99: =H92/H76 -> 1.6639759
B100: % Y/Y | H100: =IF(OR(H99="",C99=""),"",IF(C99=0,"n/m",H99/C99-1)) -> 0.26882538
B101: % Q/Q | D101: =IF(OR(D99="",C99=""),"",IF(C99=0,"n/m",D99/C99-1)) -> 0.057324053 | F101: =IF(OR(F99="",D99=""),"",IF(D99=0,"n/m",F99/D99-1)) -> 0.031558089 | G101: =IF(OR(G99="",F99=""),"",IF(F99=0,"n/m",G99/F99-1)) -> 0.1300933 | H101: =IF(OR(H99="",G99=""),"",IF(G99=0,"n/m",H99/G99-1)) -> 0.029403779
B102: Chk: adj. EPS − reported | C102: =ROUND(C99,2)-Inputs!C192 -> 0 | D102: =ROUND(D99,2)-Inputs!D192 -> 0 | E102: =ROUND(E99,2)-Inputs!E192 -> 0 | F102: =ROUND(F99,2)-Inputs!F192 -> 0 | G102: =ROUND(G99,2)-Inputs!G192 -> 0
B103: Chk: CapIQ norm. EPS − model | C103: =Inputs!E102-ROUND(C99,2) -> 0 | D103: =Inputs!E103-ROUND(D99,2) -> 0 | F103: =Inputs!E104-ROUND(F99,2) -> 0 | G103: =Inputs!E105-ROUND(G99,2) -> 0
B104: Chk: EPS×shares − NI (identity) | H104: =ROUND(H78*H76-H70,6) -> 0 | I104: Arithmetic identity (H78 = H70/H76), cannot fail; kept for traceability, excluded from Cover!C31 gate.
B106: Adjusted (non-GAAP) profitability memo
...

Sheet Balance Sheet
B1: The Charles Schwab Corporation (NYSE: SCHW)
B2: Balance Sheet (period end)
B3: $ millions, except per share
B4: Period | C4: 3Q25A | D4: 4Q25A | E4: FY25A | F4: 1Q26A | G4: 2Q26A | H4: 3Q26E
B5: Period end | C5: =DATE(2025,9,30) -> 45930 | D5: =DATE(2025,12,31) -> 46022 | E5: =DATE(2025,12,31) -> 46022 | F5: =DATE(2026,3,31) -> 46112 | G5: =DATE(2026,6,30) -> 46203 | H5: =DATE(2026,9,30) -> 46295
B6: Days in period | C6: =C5-DATE(2025,6,30) -> 92 | D6: =D5-C5 -> 92 | E6: =E5-DATE(2024,12,31) -> 365 | F6: =F5-D5 -> 90 | G6: =G5-F5 -> 91 | H6: =H5-G5 -> 92
B9: Assets
B10: Cash & equivalents | C10: 30572 | D10: 46030 | E10: =D10 -> 46030 | F10: 44975 | G10: 40580 | H10: =H42-SUM(H11:H20) -> 30352.301 | I10: 3Q26E balance sheet ILLUSTRATIVE / low confidence: cash (H10) is the balancing residual. Broker/client receivables & payables (H12, H13, H26) are not linked to the margin/L/S drivers (Revenue summary H132, H215, H507), and the reported margin-balance series does not map uniquely to these BS lines (2Q26: 165.1bn vs G12+G13 = 144.9bn). Unresolved; NII/EPS use average-balance inputs, not the BS.
B11: Segregated cash & investments | C11: 47754 | D11: 42931 | E11: =D11 -> 42931 | F11: 39778 | G11: 33011 | H11: =G11 -> 33011 | I11: Average-vs-endpoint mismatch (illustrative BS, unresolved): at current inputs BS average cash (G10 + H10)/2 ≈ 35,466 vs NII driver Revenue summary H37 = 29,000; segregated H11 held flat at 33,011 vs Revenue summary H40 average 36,000. Definitions also differ historically. NII/EPS use the average-balance drivers, not these endpoints; BS H43 and CF H61/H62 are not forecast evidence.
B12: Receivables from brokers/dealers | C12: 4728 | D12: 7190 | E12: =D12 -> 7190 | F12: 11808 | G12: 22004 | H12: =G12 -> 22004
B13: Receivables from clients, net | C13: 93788 | D13: 104660 | E13: =D13 -> 104660 | F13: 106211 | G13: 122848 | H13: 124000
B14: AFS securities | C14: 62308 | D14: 62357 | E14: =D14 -> 62357 | F14: 61090 | G14: 62467 | H14: 62800
B15: HTM securities | C15: 136693 | D15: 133969 | E15: =D15 -> 133969 | F15: 131671 | G15: 130568 | H15: 129300
B16: Bank loans — net | C16: 53570 | D16: 57955 | E16: =D16 -> 57955 | F16: 60872 | G16: 66996 | H16: 71000
B17: Equipment & property, net | C17: 3136 | D17: 3091 | E17: =D17 -> 3091 | F17: 3065 | G17: 3659 | H17: =G17+'Cash Flow Statement'!H67-'Income Statement'!H42 -> 3594
B18: Goodwill | C18: 11951 | D18: 11951 | E18: =D18 -> 11951 | F18: 12298 | G18: 12290 | H18: =G18 -> 12290
B19: Acquired intangible assets — net | C19: 7360 | D19: 7233 | E19: =D19 -> 7233 | F19: 7413 | G19: 7283 | H19: =G19-'Income Statement'!H44 -> 7141
B20: Other assets | C20: 13395 | D20: 13628 | E20: =D20 -> 13628 | F20: 14138 | G20: 15560 | H20: =G20 -> 15560
B21: Total assets | C21: =SUM(C10:C20) -> 465255 | D21: =SUM(D10:D20) -> 490995 | E21: =SUM(E10:E20) -> 490995 | F21: =SUM(F10:F20) -> 493319 | G21: =SUM(G10:G20) -> 517266 | H21: =SUM(H10:H20) -> 511052.3
B22: % Q/Q | D22: =IF(OR(D21="",C21=""),"",IF(C21=0,"n/m",D21/C21-1)) -> 0.055324499 | F22: =IF(OR(F21="",D21=""),"",IF(D21=0,"n/m",F21/D21-1)) -> 0.0047332458 | G22: =IF(OR(G21="",F21=""),"",IF(F21=0,"n/m",G21/F21-1)) -> 0.048542627 | H22: =IF(OR(H21="",G21=""),"",IF(G21=0,"n/m",H21/G21-1)) -> -0.01201258
B24: Liabilities
B25: Bank deposits | C25: 239057 | D25: 255747 | E25: =D25 -> 255747 | F25: 253041 | G25: 249682 | H25: =2*'Revenue summary'!H152-G25 -> 242318
B26: Payables to brokers/dealers | C26: 22407 | D26: 25689 | E26: =D26 -> 25689 | F26: 28107 | G26: 43826 | H26: 42000
B27: Payables to clients | C27: 115397 | D27: 116341 | E27: =D27 -> 116341 | F27: 117986 | G27: 123968 | H27: 124000
B28: Accrued & other liabilities | C28: 11420 | D28: 12831 | E28: =D28 -> 12831 | F28: 11979 | G28: 12529 | H28: =G28 -> 12529
B29: Other ST borrowings | C29: 6541 | D29: 6913 | E29: =D29 -> 6913 | F29: 12486 | G29: 13945 | H29: 13000
B30: FHLB borrowings | C30: 850 | D30: 1850 | E30: =D30 -> 1850 | F30: 0 | G30: 500 | H30: 0
B31: Long-term debt | C31: 20199 | D31: 22199 | E31: =D31 -> 22199 | F31: 20486 | G31: 22669 | H31: =G31+'Cash Flow Statement'!H68 -> 25251
B32: Total liabilities | C32: =SUM(C25:C31) -> 415871 | D32: =SUM(D25:D31) -> 441570 | E32: =SUM(E25:E31) -> 441570 | F32: =SUM(F25:F31) -> 444085 | G32: =SUM(G25:G31) -> 467119 | H32: =SUM(H25:H31) -> 459098
B34: Stockholders' equity
B35: Preferred stock | C35: 6763 | D35: 6763 | E35: =D35 -> 6763 | F35: 6763 | G35: 6213 | H35: =G35 -> 6213
B36: Common stock | C36: 21 | D36: 21 | E36: =D36 -> 21 | F36: 21 | G36: 21 | H36: =G36 -> 21
B37: Additional paid-in capital | C37: 27910 | D37: 27996 | E37: =D37 -> 27996 | F37: 28047 | G37: 28179 | H37: =G37+'Cash Flow Statement'!H11 -> 28279
B38: Retained earnings | C38: 42170 | D38: 44065 | E38: =D38 -> 44065 | F38: 45912 | G38: 48044 | H38: =G38+'Income Statement'!H63-'Income Statement'!H69-'Share Count'!H43 -> 50251.301 | I38: 3Q26E deducts the full IS!H69 'Preferred stock dividends and other' (original $88m assumption, retained). The preserved IS B69 rationale includes ~$12m participating-securities allocation, which may be partly non-cash; no source split, so RE/cash could be over-deducted by up to ~$12m (EPS unaffected). See Cash Flow Statement!I53.
B39: Treasury stock, at cost | C39: -15682 | D39: -18437 | E39: =D39 -> -18437 | F39: -20752 | G39: -21735 | H39: =G39-'Share Count'!H29 -> -22235
B40: AOCI | C40: -11798 | D40: -10983 | E40: =D40 -> -10983 | F40: -10757 | G40: -10575 | H40: =G40 -> -10575
B41: Total stockholders' equity | C41: =SUM(C35:C40) -> 49384 | D41: =SUM(D35:D40) -> 49425 | E41: =SUM(E35:E40) -> 49425 | F41: =SUM(F35:F40) -> 49234 | G41: =SUM(G35:G40) -> 50147 | H41: =SUM(H35:H40) -> 51954.301
B42: Total liabilities & equity | C42: =C32+C41 -> 465255 | D42: =D32+D41 -> 490995 | E42: =E32+E41 -> 490995 | F42: =F32+F41 -> 493319 | G42: =G32+G41 -> 517266 | H42: =H32+H41 -> 511052.3
B43: Chk: assets − liabs − equity | C43: =ROUND(C21-C32-C41,3) -> 0 | D43: =ROUND(D21-D32-D41,3) -> 0 | E43: =ROUND(E21-E32-E41,3) -> 0 | F43: =ROUND(F21-F32-F41,3) -> 0 | G43: =ROUND(G21-G32-G41,3) -> 0 | H43: =ROUND(H21-H32-H41,3) -> 0 | I43: C:G = historical source tie. H (3Q26E) = construction identity: cash H10 is the balancing plug, so H43 cannot fail.
B45: Memo
B46: Restricted cash in segregated | C46: 24293 | D46: 23631 | E46: =D46 -> 23631 | F46: 28305 | G46: 28622 | H46: =G46 -> 28622
B47: Total cash incl. restricted | C47: =C10+C46 -> 54865 | D47: =D10+D46 -> 69661 | E47: =E10+E46 -> 69661 | F47: =F10+F46 -> 73280 | G47: =G10+G46 -> 69202 | H47: =H10+H46 -> 58974.301
B48: Common equity per share ($) | C48: =(C41-C35)/'Share Count'!C12 -> 23.854699 | D48: =(D41-D35)/'Share Count'!D12 -> 24.262864 | E48: =(E41-E35)/'Share Count'!E12 -> 24.262864 | F48: =(F41-F35)/'Share Count'!F12 -> 24.435008 | G48: =(G41-G35)/'Share Count'!G12 -> 25.423018 | H48: =(H41-H35)/'Share Count'!H12 -> 26.528968
B49: Bank loans / bank deposits | C49: =C16/C25 -> 0.22408882 | D49: =D16/D25 -> 0.22661067 | E49: =E16/E25 -> 0.22661067 | F49: =F16/F25 -> 0.24056181 | G49: =G16/G25 -> 0.26832531 | H49: =H16/H25 -> 0.29300341
B50: Change Q/Q (bp) | D50: =IF(OR(D49="",C49=""),"",(D49-C49)*10000) -> 25.218582 | F50: =IF(OR(F49="",D49=""),"",(F49-D49)*10000) -> 139.51132 | G50: =IF(OR(G49="",F49=""),"",(G49-F49)*10000) -> 277.63504 | H50: =IF(OR(H49="",G49=""),"",(H49-G49)*10000) -> 246.78099
B51: Change Y/Y (bp) | H51: =IF(OR(H49="",C49=""),"",(H49-C49)*10000) -> 689.14593

Sheet Cash Flow Statement
B1: The Charles Schwab Corporation (NYSE: SCHW)
B2: Cash Flow Statement (quarterly derived from reported year-to-date)
B3: $ millions, except per share
B4: Period | C4: 3Q25A | D4: 4Q25A | E4: FY25A | F4: 1Q26A | G4: 2Q26A | H4: 3Q26E
B5: Period end | C5: =DATE(2025,9,30) -> 45930 | D5: =DATE(2025,12,31) -> 46022 | E5: =DATE(2025,12,31) -> 46022 | F5: =DATE(2026,3,31) -> 46112 | G5: =DATE(2026,6,30) -> 46203 | H5: =DATE(2026,9,30) -> 46295
B6: Days in period | C6: =C5-DATE(2025,6,30) -> 92 | D6: =D5-C5 -> 92 | E6: =E5-DATE(2024,12,31) -> 365 | F6: =F5-D5 -> 90 | G6: =G5-F5 -> 91 | H6: =H5-G5 -> 92
B9: Cash flows from operating activities (quarterly = YTD − prior YTD; 3Q26E from balance-sheet changes)
B10: Net income | C10: ='Income Statement'!C63 -> 2358 | D10: ='Income Statement'!D63 -> 2459 | E10: ='Income Statement'!E63 -> 8852 | F10: ='Income Statement'!F63 -> 2479 | G10: ='Income Statement'!G63 -> 2800 | H10: ='Income Statement'!H63 -> 2847.6723
B11: Share-based compensation | C11: =C73-C122 -> 61 | D11: =D73-D122 -> 58 | E11: =E73 -> 317 | F11: =F73 -> 138 | G11: =G73-G122 -> 92 | H11: 100
B12: Depreciation & amortization | C12: ='Income Statement'!C42 -> 212 | D12: ='Income Statement'!D42 -> 206 | E12: ='Income Statement'!E42 -> 850 | F12: ='Income Statement'!F42 -> 201 | G12: ='Income Statement'!G42 -> 198 | H12: ='Income Statement'!H42 -> 225
B13: Amort. of acquired intangibles | C13: ='Income Statement'!C44 -> 127 | D13: ='Income Statement'!D44 -> 127 | E13: ='Income Statement'!E44 -> 512 | F13: ='Income Statement'!F44 -> 132 | G13: ='Income Statement'!G44 -> 142 | H13: ='Income Statement'!H44 -> 142
B14: Deferred income taxes | C14: =C76-C125 -> 437 | D14: =D76-D125 -> -36 | E14: =E76 -> 361 | F14: =F76 -> -10 | G14: =G76-G125 -> -10 | H14: 0 | I14: 3Q26E 0 = not modeled (no source-supported forecast), not a forecast of nil.
B15: Premium amort. (AFS/HTM) | C15: =C77-C126 -> 173 | D15: =D77-D126 -> 171 | E15: =E77 -> 695 | F15: =F77 -> 174 | G15: =G77-G126 -> 147 | H15: 0 | I15: 3Q26E 0 = not modeled: premium amortization is implicitly inside the AFS/HTM balance changes (H29, H31) in investing; net cash unaffected. Historical averages not carried forward.
B16: Other non-cash items | C16: =C78-C127 -> 206 | D16: =D78-D127 -> 204 | E16: =E78 -> 729 | F16: =F78 -> 183 | G16: =G78-G127 -> 219 | H16: 0 | I16: 3Q26E 0 = not modeled (no source-supported forecast), not a forecast of nil.
B17: Δ segregated investments | C17: =C79-C128 -> -1268 | D17: =D79-D128 -> 4161 | E17: =E79 -> -4510 | F17: =F79 -> 7827 | G17: =G79-G128 -> 7084 | H17: =-(('Balance Sheet'!H11-'Balance Sheet'!G11)-('Balance Sheet'!H46-'Balance Sheet'!G46)) -> 0
B18: Δ receivables from brokers | C18: =C80-C129 -> -433 | D18: =D80-D129 -> -2462 | E18: =E80 -> -4750 | F18: =F80 -> -4618 | G18: =G80-G129 -> -10196 | H18: =-('Balance Sheet'!H12-'Balance Sheet'!G12) -> 0
B19: Δ receivables from clients | C19: =C81-C130 -> -11060 | D19: =D81-D130 -> -10881 | E19: =E81 -> -19390 | F19: =F81 -> -1571 | G19: =G81-G130 -> -16651 | H19: =-('Balance Sheet'!H13-'Balance Sheet'!G13) -> -1152
B20: Δ other assets | C20: =C82-C131 -> -373 | D20: =D82-D131 -> -260 | E20: =E82 -> -1298 | F20: =F82 -> -584 | G20: =G82-G131 -> -1515 | H20: =-('Balance Sheet'!H20-'Balance Sheet'!G20) -> 0
B21: Δ payables to brokers | C21: =C83-C132 -> 3824 | D21: =D83-D132 -> 3282 | E21: =E83 -> 12353 | F21: =F83 -> 2418 | G21: =G83-G132 -> 15719 | H21: =('Balance Sheet'!H26-'Balance Sheet'!G26) -> -1826
B22: Δ payables to clients | C22: =C84-C133 -> 6042 | D22: =D84-D133 -> 944 | E22: =E84 -> 14782 | F22: =F84 -> 1645 | G22: =G84-G133 -> 5982 | H22: =('Balance Sheet'!H27-'Balance Sheet'!G27) -> 32
B23: Δ accrued & other liabs | C23: =C85-C134 -> 232 | D23: =D85-D134 -> 1264 | E23: =E85 -> -192 | F23: =F85 -> -1072 | G23: =G85-G134 -> 289 | H23: =('Balance Sheet'!H28-'Balance Sheet'!G28) -> 0
B24: CFO | C24: =SUM(C10:C23) -> 538 | D24: =SUM(D10:D23) -> -763 | E24: =SUM(E10:E23) -> 9311 | F24: =SUM(F10:F23) -> 7342 | G24: =SUM(G10:G23) -> 4300 | H24: =SUM(H10:H23) -> 368.67231 | I24: 3Q26E CFO is a mechanical, ILLUSTRATIVE / low-confidence figure derived from the illustrative balance sheet (see Balance Sheet!I10).
B26: Cash flows from investing activities (quarterly = YTD − prior YTD; 3Q26E from balance-sheet changes)
B27: Purchases of AFS securities | C27: =C86-C135 -> -859 | D27: =D86-D135 -> -5750 | E27: =E86 -> -8496 | F27: =F86 -> -2199 | G27: =G86-G135 -> -8760 | H27: 0
B28: Sales of AFS securities | C28: =C87-C136 -> 1206 | D28: =D87-D136 -> 3576 | E28: =E87 -> 8987 | F28: =F87 -> 1541 | G28: =G87-G136 -> 4550 | H28: 0
B29: AFS principal payments | C29: =C88-C137 -> 5512 | D29: =D88-D137 -> 2553 | E29: =E88 -> 22958 | F29: =F88 -> 1838 | G29: =G88-G137 -> 2711 | H29: =-('Balance Sheet'!H14-'Balance Sheet'!G14) -> -333 | I29: 3Q26E = net AFS balance-change proxy (−ΔBalance Sheet H14), not gross principal payments; purchases/sales (H27:H28) not modeled and premium amortization netted in (I15). No gross flows invented; net cash unaffected.
B30: Purchases of HTM securities | C30: =C89-C138 -> -247 | D30: =D89-D138 -> -407 | E30: =E89 -> -1083 | F30: =F89 -> -635 | G30: =G89-G138 -> -1701 | H30: 0
B31: HTM principal payments | C31: =C90-C139 -> 3660 | D31: =D90-D139 -> 3555 | E31: =E90 -> 15262 | F31: =F90 -> 3319 | G31: =G90-G139 -> 3208 | H31: =-('Balance Sheet'!H15-'Balance Sheet'!G15) -> 1268 | I31: 3Q26E = net HTM balance-change proxy (−ΔBalance Sheet H15), not gross principal payments; purchases (H30) not modeled and premium amortization netted in (I15). No gross flows invented; net cash unaffected.
B32: Net change in bank loans | C32: =C91-C140 -> -3196 | D32: =D91-D140 -> -4381 | E32: =E91 -> -12807 | F32: =F91 -> -3021 | G32: =G91-G140 -> -6044 | H32: =-('Balance Sheet'!H16-'Balance Sheet'!G16) -> -4004
B33: Acquisition, net of cash | C33: =C92-C141 -> 0 | D33: =D92-D141 -> 0 | E33: =E92 -> 0 | F33: =F92 -> -577 | G33: =G92-G141 -> 0 | H33: 0
B34: Capex (equipment & facilities) | C34: =C93-C142 -> -145 | D34: =D93-D142 -> -158 | E34: =E93 -> -548 | F34: =F93 -> -140 | G34: =G93-G142 -> -185 | H34: =-H67 -> -160
B35: Purchases of FHLB stock | C35: =C94-C143 -> -272 | D35: =D94-D143 -> -434 | E35: =E94 -> -1023 | F35: =F94 -> 0 | G35: =G94-G143 -> -21 | H35: 0
B36: Sales of FHLB stock | C36: =C95-C144 -> 618 | D36: =D95-D144 -> 394 | E36: =E95 -> 1656 | F36: =F95 -> 80 | G36: =G95-G144 -> 3 | H36: 0
B37: Purchases of FRB stock | C37: =C96-C145 -> 0 | D37: =D96-D145 -> 0 | E37: =E96 -> -9 | F37: =F96 -> 0 | G37: =G96-G145 -> -2 | H37: 0
B38: Sales of FRB stock | C38: =C97-C146 -> 4 | D38: =D97-D146 -> 3 | E38: =E97 -> 11 | F38: =F97 -> 13 | G38: =G97-G146 -> 12 | H38: 0
B39: Other investing activities | C39: =C98-C147 -> -138 | D39: =D98-D147 -> -102 | E39: =E98 -> -370 | F39: =F98 -> -229 | G39: =G98-G147 -> -185 | H39: 0
B40: CFI | C40: =SUM(C27:C39) -> 6143 | D40: =SUM(D27:D39) -> -1151 | E40: =SUM(E27:E39) -> 24538 | F40: =SUM(F27:F39) -> -10 | G40: =SUM(G27:G39) -> -6414 | H40: =SUM(H27:H39) -> -3229
B42: Cash flows from financing activities (quarterly = YTD − prior YTD; 3Q26E from balance-sheet changes)
B43: Net change in bank deposits | C43: =C99-C148 -> 5999 | D43: =D99-D148 -> 16690 | E43: =E99 -> -3374 | F43: =F99 -> -2706 | G43: =G99-G148 -> -3359 | H43: =('Balance Sheet'!H25-'Balance Sheet'!G25) -> -7364
B44: Proceeds from FHLB borrowings | C44: =C100-C149 -> 8760 | D44: =D100-D149 -> 11600 | E44: =E100 -> 28360 | F44: =F100 -> 0 | G44: =G100-G149 -> 500 | H44: =MAX('Balance Sheet'!H30-'Balance Sheet'!G30,0) -> 0
B45: Repayments of FHLB borrowings | C45: =C101-C150 -> -16910 | D45: =D101-D150 -> -10600 | E45: =E101 -> -43210 | F45: =F101 -> -1850 | G45: =G101-G150 -> 0 | H45: =MIN('Balance Sheet'!H30-'Balance Sheet'!G30,0) -> -500
B46: Other ST borrowings issued | C46: =C102-C151 -> 7169 | D46: =D102-D151 -> 9518 | E46: =E102 -> 37046 | F46: =F102 -> 17137 | G46: =G102-G151 -> 22475 | H46: =MAX('Balance Sheet'!H29-'Balance Sheet'!G29,0) -> 0
B47: Other ST borrowings repaid | C47: =C103-C152 -> -9117 | D47: =D103-D152 -> -9161 | E47: =E103 -> -36184 | F47: =F103 -> -11594 | G47: =G103-G152 -> -21070 | H47: =MIN('Balance Sheet'!H29-'Balance Sheet'!G29,0) -> -945
B48: Issuances of long-term debt | C48: =C104-C153 -> 0 | D48: =D104-D153 -> 1986 | E48: =E104 -> 1986 | F48: =F104 -> 0 | G48: =G104-G153 -> 3231 | H48: =H68 -> 2582
B49: Repayments of long-term debt | C49: =C105-C154 -> -6 | D49: =D105-D154 -> -5 | E49: =E105 -> -2248 | F49: =F105 -> -1608 | G49: =G105-G154 -> -1506 | H49: =('Balance Sheet'!H31-'Balance Sheet'!G31)-H68 -> 0
B50: Repurchases of common stock | C50: =C106-C155 -> -2748 | D50: =D106-D155 -> -2765 | E50: =E106 -> -7346 | F50: =F106 -> -2378 | G50: =G106-G155 -> -999 | H50: =-'Share Count'!H29 -> -500
B51: Preferred issuance, net | C51: =C107-C156 -> 0 | D51: =D107-D156 -> 0 | E51: =E107 -> 0 | F51: =F107 -> 0 | G51: =G107-G156 -> 1480 | H51: 0
B52: Redemption of preferred stock | C52: =C108-C157 -> 0 | D52: =D108-D157 -> 0 | E52: =E108 -> -2458 | F52: =F108 -> 0 | G52: =G108-G157 -> -2055 | H52: 0
B53: Dividends paid | C53: =C109-C158 -> -562 | D53: =D109-D158 -> -564 | E53: =E109 -> -2329 | F53: =F109 -> -632 | G53: =G109-G158 -> -643 | H53: =-('Share Count'!H43+'Income Statement'!H69) -> -640.37136 | I53: 3Q26E includes IS!H69 'Preferred stock dividends and other' (original $88m P&L allocation, retained) with common dividends; cash timing assumed equal to declaration. Unresolved ancillary scope: the preserved IS B69 rationale includes ~$12m participating-securities allocation that may be partly non-cash; no issuer split, so the full amount is retained here and in Balance Sheet H38. Cash/RE effect ≤ ~$12m; EPS unaffected (historical RE residual 6–9m/qtr, Share Count I43).
B54: Stock options exercised | C54: =C110-C159 -> 32 | D54: =D110-D159 -> 15 | E54: =E110 -> 156 | F54: =F110 -> 47 | G54: =G110-G159 -> 11 | H54: 0
B55: Other financing activities | C55: =C111-C160 -> -2 | D55: =D111-D160 -> -4 | E55: =E111 -> -101 | F55: =F111 -> -129 | G55: =G111-G160 -> -29 | H55: 0
B56: CFF | C56: =SUM(C43:C55) -> -7385 | D56: =SUM(D43:D55) -> 16710 | E56: =SUM(E43:E55) -> -29702 | F56: =SUM(F43:F55) -> -3713 | G56: =SUM(G43:G55) -> -1964 | H56: =SUM(H43:H55) -> -7367.3714
B58: Net change in cash incl. restricted | C58: =C24+C40+C56 -> -704 | D58: =D24+D40+D56 -> 14796 | E58: =E24+E40+E56 -> 4147 | F58: =F24+F40+F56 -> 3619 | G58: =G24+G40+G56 -> -4078 | H58: =H24+H40+H56 -> -10227.699
B59: Beginning cash incl. restricted | C59: =C116+C161 -> 55569 | D59: =C60 -> 54865 | E59: =E116 -> 65514 | F59: =F116 -> 69661 | G59: =F60 -> 73280 | H59: =G60 -> 69202
B60: Ending cash incl. restricted | C60: =C59+C58 -> 54865 | D60: =D59+D58 -> 69661 | E60: =E59+E58 -> 69661 | F60: =F59+F58 -> 73280 | G60: =G59+G58 -> 69202 | H60: =H59+H58 -> 58974.301
B61: Chk: end cash − BS total cash | C61: =ROUND(C60-'Balance Sheet'!C47,3) -> 0 | D61: =ROUND(D60-'Balance Sheet'!D47,3) -> 0 | E61: =ROUND(E60-'Balance Sheet'!E47,3) -> 0 | F61: =ROUND(F60-'Balance Sheet'!F47,3) -> 0 | G61: =ROUND(G60-'Balance Sheet'!G47,3) -> 0 | H61: =ROUND(H60-'Balance Sheet'!H47,3) -> 0 | I61: C:G = historical source tie. H (3Q26E) = articulation/wiring check only: 3Q26E CF lines are BS deltas and BS cash (H10) is the balancing plug, so H61 tests mapping completeness, not the forecast.
B62: Chk: Δ cash − BS Δ total cash | D62: =ROUND(D58-('Balance Sheet'!D47-'Balance Sheet'!C47),3) -> 0 | F62: =ROUND(F58-('Balance Sheet'!F47-'Balance Sheet'!D47),3) -> 0 | G62: =ROUND(G58-('Balance Sheet'!G47-'Balance Sheet'!F47),3) -> 0 | H62: =ROUND(H58-('Balance Sheet'!H47-'Balance Sheet'!G47),3) -> 0 | I62: D/F/G = historical source tie. H (3Q26E) = articulation/wiring check only (CF lines are BS deltas; BS cash is the plug); tests mapping completeness, not the forecast.
B64: Cash-flow metrics and 3Q26E assumptions
B65: Capital expenditures (cash) | C65: =-C34 -> 145 | D65: =-D34 -> 158 | E65: =-E34 -> 548 | F65: =-F34 -> 140 | G65: =-G34 -> 185 | H65: =-H34 -> 160
B66: Free cash flow: not issuer-defined by Schwab — not reported (CFO for a broker/bank is dominated by client balance flows)
B67: 3Q26E capex assumption | H67: 160 | I67: Capex 160 (original assumption, retained) = 2.24% of 3Q26E revenue (IS H27); 9M26 cash capex 485 = 2.34% of revenue vs FY26 guide 3–5% of revenue (Guidance row 25, S7). Guide basis unconfirmed: cash capex excludes the 2Q26 $633m non-cash software licence (B67 comment); including it, 9M26 ≈ 5.4%. Unresolved definitional difference; EPS unaffected.
B68: 3Q26E LTD issuance (net) | H68: 2582
B70: Reported year-to-date cash flows (as filed)
B71: YTD period (as filed) | C71: 9M25 YTD | D71: FY25 YTD | E71: FY25 (= D) | F71: 3M26 YTD | G71: 6M26 YTD | I71: Rows 72–115 are cumulative year-to-date as filed, not quarters (row 116 = BOY cash, row 117 = check): C = 9M25, D = FY25, E = FY25 duplicate of D (FY column), F = 3M26, G = 6M26. Historical quarterly CF lines in C/D/G that are not linked to the IS equal YTD − prior YTD (rows 121–161); E and F use YTD directly; H (3Q26E) is balance-sheet-delta based.
B72: YTD: Net income | C72: =C121+'Income Statement'!C63 -> 6393 | D72: ='Income Statement'!E63 -> 8852 | E72: =D72 -> 8852 | F72: ='Income Statement'!F63 -> 2479 | G72: ='Income Statement'!F63+'Income Statement'!G63 -> 5279
B73: YTD: Share-based compensation | C73: 259 | D73: 317 | E73: =D73 -> 317 | F73: 138 | G73: 230
B74: YTD: Depreciation & amortization | C74: =C123+'Income Statement'!C42 -> 644 | D74: ='Income Statement'!E42 -> 850 | E74: =D74 -> 850 | F74: ='Income Statement'!F42 -> 201 | G74: ='Income Statement'!F42+'Income Statement'!G42 -> 399
B75: YTD: Amort. of acquired intangibles | C75: =C124+'Income Statement'!C44 -> 385 | D75: ='Income Statement'!E44 -> 512 | E75: =D75 -> 512 | F75: ='Income Statement'!F44 -> 132 | G75: ='Income Statement'!F44+'Income Statement'!G44 -> 274
B76: YTD: Deferred income taxes | C76: 397 | D76: 361 | E76: =D76 -> 361 | F76: -10 | G76: -20
B77: YTD: Premium amort. (AFS/HTM) | C77: 524 | D77: 695 | E77: =D77 -> 695 | F77: 174 | G77: 321
B78: YTD: Other non-cash items | C78: 525 | D78: 729 | E78: =D78 -> 729 | F78: 183 | G78: 402
B79: YTD: Δ segregated investments | C79: -8671 | D79: -4510 | E79: =D79 -> -4510 | F79: 7827 | G79: 14911
B80: YTD: Δ receivables from brokers | C80: -2288 | D80: -4750 | E80: =D80 -> -4750 | F80: -4618 | G80: -14814
B81: YTD: Δ receivables from clients | C81: -8509 | D81: -19390 | E81: =D81 -> -19390 | F81: -1571 | G81: -18222
B82: YTD: Δ other assets | C82: -1038 | D82: -1298 | E82: =D82 -> -1298 | F82: -584 | G82: -2099
B83: YTD: Δ payables to brokers | C83: 9071 | D83: 12353 | E83: =D83 -> 12353 | F83: 2418 | G83: 18137
B84: YTD: Δ payables to clients | C84: 13838 | D84: 14782 | E84: =D84 -> 14782 | F84: 1645 | G84: 7627
B85: YTD: Δ accrued & other liabs | C85: -1456 | D85: -192 | E85: =D85 -> -192 | F85: -1072 | G85: -783
B86: YTD: Purchases of AFS securities | C86: -2746 | D86: -8496 | E86: =D86 -> -8496 | F86: -2199 | G86: -10959
B87: YTD: Sales of AFS securities | C87: 5411 | D87: 8987 | E87: =D87 -> 8987 | F87: 1541 | G87: 6091
... B114: YTD rep.: CFF | C114: -46412 | D114: -29702 | E114: =D114 -> -29702 | F114: -3713 | G114: -5677
B115: YTD: Δ cash incl. restricted | C115: =C112+C113+C114 -> -10649 | D115: =D112+D113+D114 -> 4147 | E115: =E112+E113+E114 -> 4147 | F115: =F112+F113+F114 -> 3619 | G115: =G112+G113+G114 -> -459
B116: BOY cash incl. restricted | C116: 65514 | D116: =C116 -> 65514 | E116: =C116 -> 65514 | F116: 69661 | G116: =F116 -> 69661
B117: Chk: YTD lines − YTD totals | C117: =ROUND(SUM(C72:C111)-(C112+C113+C114),3) -> 0 | D117: =ROUND(SUM(D72:D111)-(D112+D113+D114),3) -> 0 | E117: =ROUND(SUM(E72:E111)-(E112+E113+E114),3) -> 0 | F117: =ROUND(SUM(F72:F111)-(F112+F113+F114),3) -> 0 | G117: =ROUND(SUM(G72:G111)-(G112+G113+G114),3) -> 0
B119: Prior year-to-date (deducted to derive the quarter)
B120: Prior YTD period (as filed) | C120: 6M25 YTD | D120: 9M25 YTD | G120: 3M26 YTD | I120: Prior YTD deducted to derive the quarter: C = 6M25 (for 3Q25), D = 9M25 (for 4Q25), G = 3M26 (for 2Q26). E (FY) and F (1Q26 = 3M YTD) need no prior period and are blank, not zero.
B121: Prior: Net income | C121: 4035 | D121: =C72 -> 6393 | G121: =F72 -> 2479
B122: Prior: Share-based compensation | C122: 198 | D122: =C73 -> 259 | G122: =F73 -> 138
B123: Prior: Depreciation & amortization | C123: =Inputs!C139 -> 432 | D123: =C74 -> 644 | G123: =F74 -> 201
B124: Prior: Amort. of acquired intangibles | C124: =Inputs!C140 -> 258 | D124: =C75 -> 385 | G124: =F75 -> 132
B125: Prior: Deferred income taxes | C125: -40 | D125: =C76 -> 397 | G125: =F76 -> -10
B126: Prior: Premium amort. (AFS/HTM) | C126: 351 | D126: =C77 -> 524 | G126: =F77 -> 174
B127: Prior: Other non-cash items | C127: 319 | D127: =C78 -> 525 | G127: =F78 -> 183
B128: Prior: Δ segregated investments | C128: -7403 | D128: =C79 -> -8671 | G128: =F79 -> 7827
B129: Prior: Δ receivables from brokers | C129: -1855 | D129: =C80 -> -2288 | G129: =F80 -> -4618
B130: Prior: Δ receivables from clients | C130: 2551 | D130: =C81 -> -8509 | G130: =F81 -> -1571
B131: Prior: Δ other assets | C131: -665 | D131: =C82 -> -1038 | G131: =F82 -> -584
B132: Prior: Δ payables to brokers | C132: 5247 | D132: =C83 -> 9071 | G132: =F83 -> 2418
B133: Prior: Δ payables to clients | C133: 7796 | D133: =C84 -> 13838 | G133: =F84 -> 1645
B134: Prior: Δ accrued & other liabs | C134: -1688 | D134: =C85 -> -1456 | G134: =F85 -> -1072
...

Sheet Share Count
B1: The Charles Schwab Corporation (NYSE: SCHW)
B2: Share Count
B3: $ millions, except per share
B4: Period | C4: 3Q25A | D4: 4Q25A | E4: FY25A | F4: 1Q26A | G4: 2Q26A | H4: 3Q26E
B5: Period end | C5: =DATE(2025,9,30) -> 45930 | D5: =DATE(2025,12,31) -> 46022 | E5: =DATE(2025,12,31) -> 46022 | F5: =DATE(2026,3,31) -> 46112 | G5: =DATE(2026,6,30) -> 46203 | H5: =DATE(2026,9,30) -> 46295
B6: Days in period | C6: =C5-DATE(2025,6,30) -> 92 | D6: =D5-C5 -> 92 | E6: =E5-DATE(2024,12,31) -> 365 | F6: =F5-D5 -> 90 | G6: =G5-F5 -> 91 | H6: =H5-G5 -> 92
B9: Period-end shares (millions)
B10: Common shares issued | C10: 2074.189 | D10: 2074.189 | E10: =D10 -> 2074.189 | F10: 2074.189 | G10: 2074.189 | H10: =G10 -> 2074.189
B11: Treasury shares | C11: 287.497 | D11: 315.864 | E11: =D11 -> 315.864 | F11: 336.068 | G11: 346.07 | H11: =H10-H12 -> 349.98698
B12: Common shares outstanding, period end | C12: =C10-C11 -> 1786.692 | D12: =D10-D11 -> 1758.325 | E12: =E10-E11 -> 1758.325 | F12: =F10-F11 -> 1738.121 | G12: =G10-G11 -> 1728.119 | H12: =G12+H38-H35 -> 1724.202
B13: Q/Q change (m) | D13: =IF(OR(D12="",C12=""),"",D12-C12) -> -28.367 | F13: =IF(OR(F12="",D12=""),"",F12-D12) -> -20.204 | G13: =IF(OR(G12="",F12=""),"",G12-F12) -> -10.002 | H13: =IF(OR(H12="",G12=""),"",H12-G12) -> -3.9169811
B14: % Y/Y change | H14: =IF(OR(H12="",C12=""),"",IF(C12=0,"n/m",H12/C12-1)) -> -0.03497524
B16: Weighted-average shares (millions)
B17: Weighted-average basic shares | C17: 1806 | D17: 1772 | E17: 1804 | F17: 1746 | G17: 1735 | H17: =G12+H38*H39-H35*H39 -> 1726.1605
B18: Q/Q change (m) | D18: =IF(OR(D17="",C17=""),"",D17-C17) -> -34 | F18: =IF(OR(F17="",D17=""),"",F17-D17) -> -26 | G18: =IF(OR(G17="",F17=""),"",G17-F17) -> -11 | H18: =IF(OR(H17="",G17=""),"",H17-G17) -> -8.8394906
B19: % Y/Y change | H19: =IF(OR(H17="",C17=""),"",IF(C17=0,"n/m",H17/C17-1)) -> -0.044207913
B20: Dilutive securities (diluted − basic) | C20: =C23-C17 -> 5 | D20: =D23-D17 -> 5 | E20: =E23-E17 -> 5 | F20: =F23-F17 -> 6 | G20: =G23-G17 -> 4 | H20: 4.5
B21: % Y/Y change | H21: =IF(OR(H20="",C20=""),"",IF(C20=0,"n/m",H20/C20-1)) -> -0.1
B22: Q/Q change (abs) | D22: =IF(OR(D20="",C20=""),"",D20-C20) -> 0 | F22: =IF(OR(F20="",D20=""),"",F20-D20) -> 1 | G22: =IF(OR(G20="",F20=""),"",G20-F20) -> -2 | H22: =IF(OR(H20="",G20=""),"",H20-G20) -> 0.5
B23: Weighted-average diluted shares | C23: 1811 | D23: 1777 | E23: 1809 | F23: 1752 | G23: 1739 | H23: =H17+H20 -> 1730.6605
B24: % Y/Y | H24: =IF(OR(H23="",C23=""),"",IF(C23=0,"n/m",H23/C23-1)) -> -0.04436195
B25: % Q/Q | D25: =IF(OR(D23="",C23=""),"",IF(C23=0,"n/m",D23/C23-1)) -> -0.018774158 | F25: =IF(OR(F23="",D23=""),"",IF(D23=0,"n/m",F23/D23-1)) -> -0.014068655 | G25: =IF(OR(G23="",F23=""),"",IF(F23=0,"n/m",G23/F23-1)) -> -0.0074200913 | H25: =IF(OR(H23="",G23=""),"",IF(G23=0,"n/m",H23/G23-1)) -> -0.0047955667
B26: Q/Q change (m) | D26: =IF(OR(D23="",C23=""),"",D23-C23) -> -34 | F26: =IF(OR(F23="",D23=""),"",F23-D23) -> -25 | G26: =IF(OR(G23="",F23=""),"",G23-F23) -> -13 | H26: =IF(OR(H23="",G23=""),"",H23-G23) -> -8.3394906
B28: Buybacks, issuance and dividends
B29: Common share repurchases ($m, cash) | C29: =-'Cash Flow Statement'!C50 -> 2748 | D29: =-'Cash Flow Statement'!D50 -> 2765 | E29: =-'Cash Flow Statement'!E50 -> 7346 | F29: =-'Cash Flow Statement'!F50 -> 2378 | G29: =-'Cash Flow Statement'!G50 -> 999 | H29: 500
B30: % Y/Y change | H30: =IF(OR(H29="",C29=""),"",IF(C29=0,"n/m",H29/C29-1)) -> -0.81804949
B31: Q/Q change (abs) | D31: =IF(OR(D29="",C29=""),"",D29-C29) -> 17 | F31: =IF(OR(F29="",D29=""),"",F29-D29) -> -387 | G31: =IF(OR(G29="",F29=""),"",G29-F29) -> -1379 | H31: =IF(OR(H29="",G29=""),"",H29-G29) -> -499
B32: Average repurchase price ($) | G32: =G29/G35 -> 89.196429 | H32: 106 | I32: 3Q26E $106 = original judgmental input; no 3Q26 execution price in preserved sources (last close $96.70, 52-wk 83.96–114.53). At $96.70 EPS ≈ +$0.0002. Unresolved, retained.
B33: % Y/Y change | H33: =IF(OR(H32="",C32=""),"",IF(C32=0,"n/m",H32/C32-1))
B34: Q/Q change ($) | D34: =IF(OR(D32="",C32=""),"",D32-C32) | F34: =IF(OR(F32="",D32=""),"",F32-D32) | G34: =IF(OR(G32="",F32=""),"",G32-F32) | H34: =IF(OR(H32="",G32=""),"",H32-G32) -> 16.803571
B35: Shares repurchased (m) | G35: 11.2 | H35: =H29/H32 -> 4.7169811
B36: % Y/Y change | H36: =IF(OR(H35="",C35=""),"",IF(C35=0,"n/m",H35/C35-1))
B37: Q/Q change (abs) | D37: =IF(OR(D35="",C35=""),"",D35-C35) | F37: =IF(OR(F35="",D35=""),"",F35-D35) | G37: =IF(OR(G35="",F35=""),"",G35-F35) | H37: =IF(OR(H35="",G35=""),"",H35-G35) -> -6.4830189
B38: Shares issued under equity plans (m) | H38: 0.8 | I38: Convention: 0.8m equity-plan shares are reissued from treasury (H11 = H10 − H12), at 0.5 weight in average shares. No treasury-cost/APIC reclass (~$50m at ~$62.81 avg treasury cost) is booked in Balance Sheet H39, and no option-exercise cash is forecast (Cash Flow H54 = 0 by assumption, not observed). Total equity, cash and EPS unaffected; unresolved ancillary scope.
B39: Intra-quarter weighting factor | H39: 0.5
B40: DPS declared ($) | C40: 0.27 | D40: 0.27 | E40: 1.08 | F40: 0.32 | G40: 0.32 | H40: 0.32
B41: % Y/Y change | H41: =IF(OR(H40="",C40=""),"",IF(C40=0,"n/m",H40/C40-1)) -> 0.18518519
B42: Q/Q change ($) | D42: =IF(OR(D40="",C40=""),"",D40-C40) -> 0 | F42: =IF(OR(F40="",D40=""),"",F40-D40) -> 0.05 | G42: =IF(OR(G40="",F40=""),"",G40-F40) -> 0 | H42: =IF(OR(H40="",G40=""),"",H40-G40) -> 0
B43: Common dividends ($m) | C43: =C40*C17 -> 487.62 | D43: =D40*D17 -> 478.44 | E43: =E40*E17 -> 1948.32 | F43: =F40*F17 -> 558.72 | G43: =G40*G17 -> 555.2 | H43: =H40*H17 -> 552.37136 | I43: Convention: DPS × weighted-average basic shares (not record-date shares); historical RE rollforward leaves ~$6–9m/qtr residual, not plugged.
B44: Diluted shares behind 3Q26E EPS (m) | H44: =H23 -> 1730.6605

Sheet Guidance
B1: The Charles Schwab Corporation (NYSE: SCHW)
B2: Guidance (management scenarios) and record
B3: $ millions, except per share
B4: Period (navigation only) | C4: 3Q25A | D4: 4Q25A | E4: FY25A | F4: 1Q26A | G4: 2Q26A | H4: 3Q26E
B5: Period end | C5: =DATE(2025,9,30) -> 45930 | D5: =DATE(2025,12,31) -> 46022 | E5: =DATE(2025,12,31) -> 46022 | F5: =DATE(2026,3,31) -> 46112 | G5: =DATE(2026,6,30) -> 46203 | H5: =DATE(2026,9,30) -> 46295
B6: Days in period | C6: =C5-DATE(2025,6,30) -> 92 | D6: =D5-C5 -> 92 | E6: =E5-DATE(2024,12,31) -> 365 | F6: =F5-D5 -> 90 | G6: =G5-F5 -> 91 | H6: =H5-G5 -> 92
B9: Guidance given — B metric | C date | D period | E low | F high | G midpoint | H actual / latest | I beat/miss
B10: Metric | C10: Date | D10: Period | E10: Low | F10: High | G10: Midpoint | H10: Actual | I10: Beat / miss | J10: Source
B11: Total revenue growth | C11: 45856 | D11: FY25 | E11: 0.185 | F11: 0.195 | G11: =AVERAGE(E11,F11) -> 0.19 | H11: ='Income Statement'!E27/Inputs!C189-1 -> 0.22008569 | I11: =IF(H11>F11,"Beat (above high)",IF(H11>=E11,"In range","Miss")) -> Beat (above high) | J11: S12
B12: Adjusted diluted EPS | C12: 45856 | D12: FY25 | E12: 4.55 | F12: 4.65 | G12: =AVERAGE(E12,F12) -> 4.6 | H12: ='Income Statement'!E99 -> 4.8684356 | I12: =IF(H12>F12,"Beat (above high)",IF(H12>=E12,"In range","Miss")) -> Beat (above high) | J12: S12
B13: Total revenue growth | C13: 46043 | D13: FY26 | E13: 0.095 | F13: 0.105 | G13: =AVERAGE(E13,F13) -> 0.1 | H13: pending | I13: Pending (FY26 not reported) | J13: S13
B14: Net interest margin | C14: 46043 | D14: FY26 | E14: 0.0285 | F14: 0.0295 | G14: =AVERAGE(E14,F14) -> 0.029 | H14: pending | I14: Pending (FY26 not reported) | J14: S13
B15: Adjusted expense growth | C15: 46043 | D15: FY26 | E15: 0.055 | F15: 0.065 | G15: =AVERAGE(E15,F15) -> 0.06 | H15: pending | I15: Pending (FY26 not reported) | J15: S13
B16: Adjusted diluted EPS | C16: 46043 | D16: FY26 | E16: 5.7 | F16: 5.8 | G16: =AVERAGE(E16,F16) -> 5.75 | H16: pending | I16: Pending (FY26 not reported) | J16: S13
B17: Total revenue growth | C17: 46156 | D17: FY26 | E17: 0.14 | F17: 0.15 | G17: =AVERAGE(E17,F17) -> 0.145 | H17: pending | I17: Pending (FY26 not reported) | J17: S14
B18: Adjusted expense growth | C18: 46156 | D18: FY26 | E18: 0.085 | F18: 0.095 | G18: =AVERAGE(E18,F18) -> 0.09 | H18: pending | I18: Pending (FY26 not reported) | J18: S14
B19: Total revenue growth | C19: 46224 | D19: FY26 | E19: 0.175 | F19: 0.185 | G19: =AVERAGE(E19,F19) -> 0.18 | H19: pending | I19: Pending (FY26 not reported) | J19: S3
B20: Net interest margin | C20: 46224 | D20: FY26 | E20: 0.03 | F20: 0.031 | G20: =AVERAGE(E20,F20) -> 0.0305 | H20: pending | I20: Pending (FY26 not reported) | J20: S3
B21: Net interest margin (quarter average) | C21: 46224 | D21: 4Q26 | E21: 0.0325 | F21: 0.033 | G21: =AVERAGE(E21,F21) -> 0.03275 | H21: pending | I21: Pending (FY26 not reported) | J21: S3
B22: Adjusted expense growth | C22: 46224 | D22: FY26 | E22: 0.095 | F22: 0.105 | G22: =AVERAGE(E22,F22) -> 0.1 | H22: pending | I22: Pending (FY26 not reported) | J22: S3
B23: Daily average trades (millions, point) | C23: 46224 | D23: FY26 | E23: 10.6 | F23: 10.6 | G23: =AVERAGE(E23,F23) -> 10.6 | H23: pending | I23: Pending (FY26 not reported) | J23: S3
B24: Adjusted Tier 1 leverage ratio | C24: 46224 | D24: Ongoing | E24: 0.0675 | F24: 0.07 | G24: =AVERAGE(E24,F24) -> 0.06875 | H24: 0.068 | I24: =IF(H24>F24,"Beat (above high)",IF(H24>=E24,"In range","Miss")) -> In range | J24: S1
B25: Capital expenditures, % of revenue | C25: 46078 | D25: FY26 | E25: 0.03 | F25: 0.05 | G25: =AVERAGE(E25,F25) -> 0.04 | H25: pending | I25: Pending (FY26 not reported) | J25: S7
B26: Record: FY25 revenue and EPS beat the July-25 range; FY26 revenue guide raised twice (Jan → May → Jul) — conservative guider
B28: 3Q26 implied by the latest FY26 guidance midpoints (derived; Schwab gives no quarterly guidance)
B29: FY26 revenue at growth midpoint | H29: ='Income Statement'!E27*(1+G19) -> 28226.78
B30: Less: 1H26 reported revenue | H30: ='Income Statement'!F27+'Income Statement'!G27 -> 13554
B31: 2H26 implied revenue | H31: =H29-H30 -> 14672.78
B32: 3Q26 share of 2H26 revenue | H32: 0.492
B33: 3Q26 implied revenue | H33: =H31*H32 -> 7219.0078
B34: FY26 adj. expenses at midpoint | H34: =Inputs!C190*(1+G22) -> 13145
B35: 2H26 implied adjusted expenses | H35: =H34-Inputs!C191 -> 6761
B36: 3Q26 share of 2H26 adj. expenses | H36: 0.494
B37: 3Q26 adjusted expenses implied | H37: =H35*H36 -> 3339.934
B38: 3Q26 implied adj. pre-tax | H38: =H33-H37 -> 3879.0738
B39: 3Q26 implied adj. NI to common | H39: =H38*(1-('Income Statement'!H59-'Income Statement'!H88)/'Income Statement'!H110)-'Income Statement'!H69 -> 2901.8169 | I39: Tax at model adjusted-basis ETR (GAAP tax + tax effect of adjustments) / adjusted pre-tax, not GAAP ETR (IS!H60).
B40: 3Q26 implied adj. EPS | H40: =H39/'Income Statement'!H76 -> 1.6767106
B41: Model 3Q26E NIM (memo) | H41: ='Revenue summary'!H237 -> 0.030311846

Sheet Inputs
B1: The Charles Schwab Corporation (NYSE: SCHW)
B2: Inputs — CapIQ snapshot, memo actuals and prior calibration
B3: $ millions, except per share
B4: Period (navigation only) | C4: 3Q25A | D4: 4Q25A | E4: FY25A | F4: 1Q26A | G4: 2Q26A | H4: 3Q26E
B5: Period end | C5: =DATE(2025,9,30) -> 45930 | D5: =DATE(2025,12,31) -> 46022 | E5: =DATE(2025,12,31) -> 46022 | F5: =DATE(2026,3,31) -> 46112 | G5: =DATE(2026,6,30) -> 46203 | H5: =DATE(2026,9,30) -> 46295
B6: Days in period | C6: =C5-DATE(2025,6,30) -> 92 | D6: =D5-C5 -> 92 | E6: =E5-DATE(2024,12,31) -> 365 | F6: =F5-D5 -> 90 | G6: =G5-F5 -> 91 | H6: =H5-G5 -> 92
B9: A. CapIQ summary row (SCHW_consensus.json → summary_row), complete and unmodified; blanks preserved
B10: Field | value in column C
B11: ticker | C11: SCHW
B12: company_name | C12: The Charles Schwab Corporation
B13: exchange_ticker | C13: NYSE:SCHW
B14: capiq_company_id | C14: 34093
B15: sp500_member | C15: Y
B16: market_cap_usd_m
B17: fiscal_quarter | C17: FQ3 2026 - Sep 2026
B18: quarter_end_date | C18: 46295
B19: expected_report_date | C19: 46310
B20: fiscal_year_end | C20: Dec-31
B21: analysts_covering | C21: 23
B22: eps_normalized_mean | C22: 1.66
B23: eps_normalized_median | C23: 1.67
B24: eps_normalized_high | C24: 1.73
B25: eps_normalized_low | C25: 1.59
B26: eps_normalized_std_dev | C26: 0.03
B27: eps_normalized_n_est | C27: 19
B28: eps_normalized_guidance
B29: eps_normalized_guidance_low
B30: eps_normalized_guidance_high
B31: eps_gaap_mean | C31: 1.61
B32: eps_gaap_median | C32: 1.62
B33: eps_gaap_high | C33: 1.67
B34: eps_gaap_low | C34: 1.56
B35: eps_gaap_std_dev | C35: 0.03
B36: eps_gaap_n_est | C36: 10
B37: eps_gaap_guidance
B38: revenue_m_mean | C38: 7199.92
B39: revenue_m_median | C39: 7218
B40: revenue_m_high | C40: 7278
B41: revenue_m_low | C41: 7060.92
B42: revenue_m_std_dev | C42: 60.88
B43: revenue_m_n_est | C43: 13
B44: revenue_m_guidance
B45: revenue_m_guidance_low
B46: revenue_m_guidance_high
B47: ebitda_m | C47: 4434.08
B48: ebit_m | C48: 3887.76
B49: ebt_excl_excep_m | C49: 3888.34
B50: ebt_gaap_m | C50: 3754
B51: net_income_excl_excep_m | C51: 2882.55
B52: net_income_gaap_m | C52: 2785.85
B53: gross_margin_pct
B54: effective_tax_rate_pct
B55: d_and_a_m | C55: 207.29
B56: capex_m
B57: cfo_m
B58: fcf_m
B59: interest_expense_m | C59: -1115.33
B60: net_debt_m | C60: 16065.73
B61: cfps
B62: bvps
B63: dps
B64: nav_m
B65: navps
B66: roe_pct
B67: target_price_mean | C67: 123
B68: target_price_median | C68: 124
B69: target_price_high | C69: 150
B70: target_price_low | C70: 95
B71: target_price_std_dev | C71: 13.9
B72: target_price_n_est | C72: 21
B73: recommendation | C73: Outperform
B74: recommendation_score | C74: 1.78
B75: last_close_price | C75: 96.7
B76: wk52_high_low | C76: 114.53/83.96
B77: currency | C77: USD
B78: units | C78: per-share in USD; revenue and income in USD millions
B79: estimates_captured_at | C79: 46306
B80: notes | C80: A GAAP EPS "Guidance 0.32" value on the CapIQ page looks like a different line item and was excluded.
B82: B. CapIQ consensus file header fields
B83: source | C83: S&P Capital IQ
B84: ticker | C84: SCHW
B85: company | C85: The Charles Schwab Corporation
B86: fiscal_period | C86: FQ3 2026 - Sep 2026
B87: period_end_date | C87: 46295
B88: as_of_date | C88: 46306
B89: analyst_count | C89: 19
B90: consensus_eps | C90: 1.66
B91: eps_basis | C91: Normalized diluted EPS per common share, USD; verify issuer adjustments
B92: consensus_revenue_m | C92: 7199.92
B93: currency | C93: USD
B94: summary_sha256 | C94: edbf949d984075e582c0427440965f3f2b24f43d8e9ef3ba40bd5d158b8c8d16
B95: captured_precision | C95: date only, user confirmed
B96: currency_units_status | C96: per-share in USD; revenue and income in USD millions
B98: C. CapIQ history (SCHW_history.csv), all six rows as supplied
B99: period_end_date | C99: report_date | D99: EPS n. cons | E99: EPS n. act | F99: EPS g. cons | G99: EPS g. act | H99: Rev cons | I99: Rev act | J99: Beat (1/0) | K99: Surprise $ | L99: Rev surp.
B100: 45747 | C100: 45764 | D100: 1.01 | E100: 1.04 | F100: 0.96 | G100: 0.99 | H100: 5538.44 | I100: 5599 | J100: =IF(E100>D100,1,0) -> 1 | K100: =E100-D100 -> 0.03 | L100: =I100-H100 -> 60.56
B101: 45838 | C101: 45856 | D101: 1.1 | E101: 1.14 | F101: 1.05 | G101: 1.08 | H101: 5735.34 | I101: 5851 | J101: =IF(E101>D101,1,0) -> 1 | K101: =E101-D101 -> 0.04 | L101: =I101-H101 -> 115.66
B102: 45930 | C102: 45946 | D102: 1.25 | E102: 1.31 | F102: 1.19 | G102: 1.26 | H102: 6017.31 | I102: 6135 | J102: =IF(E102>D102,1,0) -> 1 | K102: =E102-D102 -> 0.06 | L102: =I102-H102 -> 117.69
B103: 46022 | C103: 46043 | D103: 1.39 | E103: 1.39 | F103: 1.35 | G103: 1.33 | H103: 6392.06 | I103: 6336 | J103: =IF(E103>D103,1,0) -> 0 | K103: =E103-D103 -> 0 | L103: =I103-H103 -> -56.06
B104: 46112 | C104: 46128 | D104: 1.4 | E104: 1.43 | F104: 1.34 | G104: 1.37 | H104: 6512.42 | I104: 6482 | J104: =IF(E104>D104,1,0) -> 1 | K104: =E104-D104 -> 0.03 | L104: =I104-H104 -> -30.42
...

Sheet Sources
B1: The Charles Schwab Corporation (NYSE: SCHW)
B2: Sources
B3: $ millions, except per share
B4: Period (navigation only) | C4: 3Q25A | D4: 4Q25A | E4: FY25A | F4: 1Q26A | G4: 2Q26A | H4: 3Q26E
B5: Period end | C5: =DATE(2025,9,30) -> 45930 | D5: =DATE(2025,12,31) -> 46022 | E5: =DATE(2025,12,31) -> 46022 | F5: =DATE(2026,3,31) -> 46112 | G5: =DATE(2026,6,30) -> 46203 | H5: =DATE(2026,9,30) -> 46295
B6: Days in period | C6: =C5-DATE(2025,6,30) -> 92 | D6: =D5-C5 -> 92 | E6: =E5-DATE(2024,12,31) -> 365 | F6: =F5-D5 -> 90 | G6: =G5-F5 -> 91 | H6: =H5-G5 -> 92
B9: Sources — B ID | C publication date | D publisher | E URL or file | F what it feeds | G retrieved (UTC)
B10: ID | C10: Published | D10: Publisher | E10: URL / file | F10: Feeds | G10: Retrieved (UTC)
B11: S1 | C11: 46224 | D11: Charles Schwab (SEC 8-K Ex.99.1) | E11: https://www.sec.gov/Archives/edgar/data/316709/000031670926000027/a2q26exhibit991.htm | F11: 2Q26/1Q26/4Q25/3Q25 income statement, NII and AMA tables, client assets, monthly data, non-GAAP bridge | G11: 46307
B12: S2 | C12: 46241 | D12: Charles Schwab (SEC 10-Q 2Q26) | E12: https://www.sec.gov/Archives/edgar/data/316709/000031670926000031/schw-20260630.htm | F12: Segment tables, balance sheet Jun-26, 6M26/6M25 cash flows, Forge revenue, equity roll | G12: 46307
B13: S3 | C13: 46225 | D13: The Motley Fool (2Q26 call transcript) | E13: https://www.fool.com/earnings/call-transcripts/2026/07/21/schwab-schw-q2-2026-earnings-call-transcript/ | F13: FY26 scenario: revenue +17.5–18.5%, NIM 3.00–3.10%, 4Q NIM 3.25–3.30%, expenses +9.5–10.5%, DATs 10.6M | G13: 46307
B14: S4 | C14: 46248 | D14: Business Wire / Yahoo Finance (July 2026 monthly activity) | E14: https://finance.yahoo.com/markets/stocks/articles/schwab-reports-monthly-activity-highlights-124500778.html | F14: July NNA, market gains, DATs, margin, sweep cash, IEA | G14: 46307
B15: S5 | C15: 46280 | D15: Charles Schwab pressroom (August 2026 monthly activity) | E15: https://pressroom.aboutschwab.com/press-releases/press-release/2026/Schwab-Reports-Monthly-Activity-Highlights-7c5bb81a9/default.aspx | F15: August NNA, market gains, DATs, accounts, margin, sweep cash, IEA, derivative % | G15: 46307
B16: S6 | C16: 45968 | D16: Charles Schwab (SEC 10-Q 3Q25) | E16: https://www.sec.gov/Archives/edgar/data/316709/000031670925000051/schw-20250930.htm | F16: 3Q25 segments, balance sheet Sep-25, 9M25 cash flows | G16: 46307
B17: S7 | C17: 46078 | D17: Charles Schwab (SEC 10-K FY25) | E17: https://www.sec.gov/Archives/edgar/data/316709/000031670926000009/schw-20251231.htm | F17: FY25 segments and expenses; Geo check (no geographic split disclosed); capex 3–5% of revenue | G17: 46307
B18: S8 | C18: 46078 | D18: Charles Schwab (SEC 10-K XBRL R9) | E18: https://www.sec.gov/Archives/edgar/data/316709/000031670926000009/R9.htm | F18: FY25 cash flow statement | G18: 46307
B19: S9 | C19: 46150 | D19: Charles Schwab (SEC 10-Q 1Q26) | E19: https://www.sec.gov/Archives/edgar/data/316709/000031670926000019/schw-20260331.htm | F19: 1Q26 segments, balance sheet Mar-26, 3M26 cash flows | G19: 46307
B20: S10 | C20: 46043 | D20: Charles Schwab (SEC 8-K Ex.99.1, 4Q25) | E20: https://www.sec.gov/Archives/edgar/data/316709/000031670926000004/a4q25exhibit991.htm | F20: 4Q25/FY25 IS, NII and AMA tables, FY25 adjusted expenses $11,950m, Dec-24 client assets | G20: 46307
B21: S11 | C21: 2025-10-16 / 2026-04-16 | D21: Charles Schwab (SEC 8-K Ex.99.1, 3Q25 and 1Q26) | E21: https://www.sec.gov/Archives/edgar/data/316709/000031670925000046/a3q25exhibit991.htm ; https://www.sec.gov/Archives/edgar/data/316709/000031670926000016/a1q26exhibit991.htm | F21: 3Q25 and 1Q26 NII/AMA tables and non-GAAP bridges | G21: 46307
B22: S12 | C22: 45856 | D22: MarketBeat (2Q25 call summary) | E22: https://www.marketbeat.com/earnings/reports/2025-7-18-the-charles-schwab-co-stock/ | F22: FY25 guidance: revenue +18.5–19.5%, adj. EPS $4.55–4.65 | G22: 46307
B23: S13 | C23: 46043 | D23: MarketBeat / Yahoo Finance (Winter Business Update) | E23: https://www.marketbeat.com/earnings/reports/2026-1-21-the-charles-schwab-co-stock/ | F23: FY26 initial scenario: revenue +9.5–10.5%, NIM 2.85–2.95%, expenses +5.5–6.5%, EPS $5.70–5.80 | G23: 46307
B24: S14 | C24: 46156 | D24: Yahoo Finance (Zacks) / Intellectia | E24: https://finance.yahoo.com/markets/stocks/articles/schw-ups-2026-outlook-targets-142500776.html | F24: Investor Day FY26 scenario: revenue +14–15%; expenses +8.5–9.5% | G24: 46307
B25: S15 | C25: 46306 | D25: S&P Capital IQ (supplied files) | E25: SCHW_consensus.json (file sha256 cad8d301…; header field summary_sha256 edbf949d… = Inputs!C94, as recorded — hashed object not independently reproduced); SCHW_history.csv (file sha256 d4a1df0a…) | F25: Frozen consensus (EPS $1.66, revenue $7,199.92m, 19 EPS estimates), six-quarter beat history | G25: 46307
B26: S16 | C26: 46300 | D26: Investing.com (BofA note) | E26: https://uk.investing.com/news/stock-market-news/bofa-raises-charles-schwab-stock-price-target-on-higher-revenue-outlook-93CH-4895062 | F26: BofA 3Q26 EPS trimmed to $1.66 on lower IEA; Sept NNA ~$80bn; $2.6bn notes | G26: 46307
B27: S17 | C27: 46302 | D27: Earnings Whispers | E27: https://beta.earningswhispers.com/article/SCHW/20337 | F27: Street $1.66 / $7.20bn, whisper $1.68, report date 15-Oct-26 BMO | G27: 46307
B28: S18 | C28: 46281 | D28: Federal Reserve | E28: https://www.federalreserve.gov/newsevents/pressreleases/monetary20260916a.htm | F28: 25bp hike to 3.75–4.00% (IORB 3.90% eff. 17-Sep-26) — yield step-ups | G28: 46307
B29: S19 | C29: 2026-10-01 / 2026-09-28 | D29: Newsquawk (IBKR Sept DARTs) / ad-hoc-news (Robinhood Sept MTD) | E29: https://www.newsquawk.com/headlines/interactive-brokers-ibkr-september-darts-411mn--4-mm ; https://www.ad-hoc-news.de/boerse/news/nachboerse/robinhood-stock-after-hours-company-reports-september-trading-volumes/70199804 | F29: Peer read-through for September DATs | G29: 46307
B30: S20 | C30: 46304 | D30: StockAnalysis.com | E30: https://stockanalysis.com/stocks/schw/market-cap/ | F30: Market cap $167.23bn (prior calibration size bucket) | G30: 46307
B31: S21 | C31: 46295 | D31: Morningstar / Dow Jones; MarketScreener (Reuters) | E31: https://www.morningstar.com/news/dow-jones/202609307962/sp-500-rises-203-this-quarter-to-765154-data-talk | F31: S&P 500 3Q26 +2.03% to 7,651.54; Sept −0.45% — AMA asset growth, Sept market gains | G31: 46307
B32: S22 | C32: 46246 | D32: Charles Schwab (SEC 8-K) | E32: https://www.sec.gov/Archives/edgar/data/316709/000119312526347083/d42452d8k.htm | F32: $2.6bn senior notes (LTD, interest expense) | G32: 46307
B33: S23 | C33: 2026-07-23 / 2026-05-04 | D33: Charles Schwab pressroom | E33: https://pressroom.aboutschwab.com/press-releases/press-release/2026/Schwab-Declares-Quarterly-Common-Stock-Dividend-and-Declares-Preferred-Stock-Dividends-c3172a394/default.aspx | F33: Common DPS $0.32; preferred series dividends; Series I redemption | G33: 46307
B34: S24 | C34: 46301 | D34: Charles Schwab pressroom (STAX September) | E34: https://pressroom.aboutschwab.com/press-releases/press-release/2026/Schwab-Trading-Activity-Index-STAX-Score-up-in-September-Despite-Inflation-Concerns/default.aspx | F34: September client engagement read | G34: 46307
B36: Omitted tab: Geo — the 2025 Form 10-K (S7) discloses no geographic revenue split; revenue is effectively all US, noted on Revenue summary.
B37: Inputs tab carries the complete CapIQ summary row and six history rows (required by the task) plus memo actuals and the prior calibration.
B38: Target-quarter (3Q26) actual results were not available at the cutoff and are not used anywhere in this model.
B39: Retrieved dates are date-only (2026-10-12) and may post-date the 2026-10-11 22:24 UTC cutoff; all cited items were published on or before the cutoff date (S15 CapIQ capture 2026-10-11; all others on or before 2026-10-09). No capture timestamps or frozen page snapshots are asserted (documented limitation, not post-cutoff information).
